Workbook

Sheet resumo
B2: RECEITAS | E2: DESPESAS | H2: DIFERENÇA
B4: RECEITAS DE CUSTEIO | C4: =SUM(C6:C18)+0.3 -> 6061358.1 | E4: DESPESAS DE CUSTEIO | F4: =SUM(F6:F16) -> 5923495.9 | H4: =C4-F4 -> 137862.28
B6: RECEITAS SOCIAIS | C6: =D7+D8 -> 4371857.3 | E6: ADMINISTRATIVAS | F6: =SUM(G7:G11) -> 3932484.9 | H6: =C6-F6 -> 439372.39
B7: CONTRIBUIÇÕES SOCIAIS | D7: =Budget!AD9 -> 2606747.9 | E7: PESSOAL | G7: =Budget!AD48 -> 1666442.3
B8: RECEITAS DE SERVIÇOS DIVERSOS | D8: =Budget!AD13 -> 1765109.4 | E8: OPERACIONAIS | G8: =Budget!AD61+Budget!AD63+Budget!AD71+Budget!AD78+Budget!AD138 -> 1659570.7
E9: MANUTENÇÃO | G9: =Budget!AD142 -> 408607.32
B10: =D7+SUM(Budget!#REF!) -> #REF! | E10: IMPOSTOS E TAXAS | G10: =Budget!AD148 -> 49890.209
E11: ASSOCIAÇÕES | G11: =Budget!AD101 -> 147974.45
B13: ESCOLA DE VELA | C13: =Budget!AD22 -> 760982.26 | F13: =Budget!AD107 -> 488854.33 | H13: =C13-F13 -> 272127.94
B14: DIRETORIA DE VELA | C14: =Budget!AD34 -> 755600.36 | F14: =Budget!AD124 -> 1317860.2 | H14: =C14-F14 -> -562259.88
B15: DIRETORIA SOCIAL | C15: =Budget!AD41 -> 104638.66 | F15: =Budget!AD87 -> 184296.42 | H15: =C15-F15 -> -79657.752
B18: RECEITAS FINANCEIRAS | C18: =Budget!AD27 -> 68279.283
B21: REAJUSTE NA MENSALIDADE | C21: 0.045

Sheet Budget
B2: 1.06
B3: proposta 2024 - anual | C3: proposta mensal | D3: Realizado Janeiro | E3: % | F3: Realizado fevereiro | G3: % | H3: Realizado março | I3: % | J3: Realizado abril | K3: % | L3: Realizado maio | M3: % | N3: Realizado junho | O3: % | P3: Realizado julho | Q3: % | R3: Realizado agosto | S3: % | T3: Realizado setembro | U3: % | V3: Realizado outubro | W3: % | X3: Realizado novembro | Y3: % | Z3: Realizado dezembro | AA3: % | AB3: Acumulado ano - R$ | AC3: % | AD3: PROPOSTA 2025 | AE3: 1.045
A4: RECEITAS | B4: 5089266.6 | C4: =B4/12 -> 424105.55 | D4: =D6+D29 -> 439061.01 | E4: =D4/$B4 -> 0.086271963 | F4: =F6+F29 -> 437496.47 | G4: =F4/$B4 -> 0.085964542 | H4: =H6+H29 -> 460928.87 | I4: =H4/$B4 -> 0.09056882 | J4: =J6+J29 -> 503562.84 | K4: =J4/$B4 -> 0.098946054 | L4: =L6+L29 -> 450789.69 | M4: =L4/$B4 -> 0.088576553 | N4: =N6+N29 -> 498008.97 | O4: =N4/$B4 -> 0.097854763 | P4: =P6+P29 -> 436709.77 | Q4: =P4/$B4 -> 0.085809962 | R4: =R6+R29 -> 468962.63 | S4: =R4/$B4 -> 0.09214739 | T4: =T6+T29 -> 426971.56 | U4: =T4/$B4 -> 0.083896481 | V4: =V6+V29 -> 441165.22 | W4: =V4/$B4 -> 0.086685421 | X4: =X6+X29 -> 416267.5 | Y4: =X4/$B4 -> 0.081793221 | Z4: =Z6+Z29 -> 456031.48 | AA4: =Z4/$B4 -> 0.089606523 | AB4: =AB6+AB29 -> 5417516 | AC4: =AB4/$B4 -> 1.0644984 | AD4: =AD6+AD29 -> 6367772.3
A6: RECEITAS DE CUSTEIO | B6: 4869266.6 | C6: =B6/12 -> 405772.21 | D6: =D8+D22+D27+D34+D41 -> 405184.42 | E6: =D6/$B6 -> 0.083212619 | F6: =F8+F22+F27+F34+F41 -> 395530.38 | G6: =F6/$B6 -> 0.081229971 | H6: =H8+H22+H27+H34+H41 -> 426467.08 | I6: =H6/$B6 -> 0.087583432 | J6: =J8+J22+J27+J34+J41 -> 439643.01 | K6: =J6/$B6 -> 0.09028937 | L6: =L8+L22+L27+L34+L41 -> 420318.1 | M6: =L6/$B6 -> 0.086320618 | N6: =N8+N22+N27+N34+N41 -> 494535.38 | O6: =N6/$B6 -> 0.1015626 | P6: =P8+P22+P27+P34+P41 -> 406097.18 | Q6: =P6/$B6 -> 0.083400072 | R6: =R8+R22+R27+R34+R41 -> 387805.04 | S6: =R6/$B6 -> 0.07964342 | T6: =T8+T22+T27+T34+T41 -> 386444.97 | U6: =T6/$B6 -> 0.079364102 | V6: =V8+V22+V27+V34+V41 -> 401943.06 | W6: =V6/$B6 -> 0.08254694 | X6: =X8+X22+X27+X34+X41 -> 410341.91 | Y6: =X6/$B6 -> 0.084271811 | Z6: =Z8+Z22+Z27+Z34+Z41 -> 453565.89 | AA6: =Z6/$B6 -> 0.093148709 | AB6: =AB8+AB22+AB27+AB34+AB41 -> 5027876.4 | AC6: =AB6/$B6 -> 1.0325737 | AD6: =AD8+AD22+AD27+AD34+AD41 -> 6061357.8
A8: CONTRIBUIÇÕES SOCIAIS | B8: 3693483.3 | C8: =B8/12 -> 307790.27 | D8: =D9+D13 -> 314307.28 | E8: =D8/$B8 -> 0.085097796 | F8: =F9+F13 -> 307215.05 | G8: =F8/$B8 -> 0.083177594 | H8: =H9+H13 -> 322475.25 | I8: =H8/$B8 -> 0.087309249 | J8: =J9+J13 -> 328932.3 | K8: =J8/$B8 -> 0.089057477 | L8: =L9+L13 -> 318949.18 | M8: =L8/$B8 -> 0.086354576 | N8: =N9+N13 -> 310107.28 | O8: =N8/$B8 -> 0.083960657 | P8: =P9+P13 -> 302662.06 | Q8: =P8/$B8 -> 0.081944885 | R8: =R9+R13 -> 319680.87 | S8: =R8/$B8 -> 0.086552679 | T8: =T9+T13 -> 311720.53 | U8: =T8/$B8 -> 0.084397439 | V8: =V9+V13 -> 316769.54 | W8: =V8/$B8 -> 0.085764444 | X8: =X9+X13 -> 316177.24 | Y8: =X8/$B8 -> 0.085604082 | Z8: =Z9+Z13 -> 328808.39 | AA8: =Z8/$B8 -> 0.089023929 | AB8: =AB9+AB13 -> 3797805 | AC8: =AB8/$B8 -> 1.0282448 | AD8: =AD9+AD13 -> 4371857.3
A9: RECEITAS SOCIAIS | B9: 2522388 | C9: =B9/12 -> 210199 | D9: =SUM(D10:D12) -> 207928.7 | E9: =D9/$B9 -> 0.082433275 | F9: =SUM(F10:F12) -> 206668.88 | G9: =F9/$B9 -> 0.081933818 | H9: =SUM(H10:H12) -> 207847.82 | I9: =H9/$B9 -> 0.082401208 | J9: =SUM(J10:J12) -> 208719.61 | K9: =J9/$B9 -> 0.08274683 | L9: =SUM(L10:L12) -> 204605.11 | M9: =L9/$B9 -> 0.081115637 | N9: =SUM(N10:N12) -> 207287.35 | O9: =N9/$B9 -> 0.082179011 | P9: =SUM(P10:P12) -> 206929.71 | Q9: =P9/$B9 -> 0.082037224 | R9: =SUM(R10:R12) -> 207823.78 | S9: =R9/$B9 -> 0.082391679 | T9: =SUM(T10:T12) -> 208270.83 | U9: =T9/$B9 -> 0.08256891 | V9: =SUM(V10:V12) -> 207376.75 | W9: =V9/$B9 -> 0.082214451 | X9: =SUM(X10:X12) -> 208717.86 | Y9: =X9/$B9 -> 0.082746137 | Z9: =SUM(Z10:Z12) -> 206654.43 | AA9: =Z9/$B9 -> 0.08192809 | AB9: =SUM(AB10:AB12) -> 2488830.8 | AC9: =AB9/$B9 -> 0.98669627 | AD9: =SUM(AD10:AD12) -> 2606747.9
A10: Mensalidade de Sócios | B10: 2557838.4 | C10: =B10/12 -> 213153.2 | D10: 211689.15 | E10: =D10/$B10 -> 0.082760956 | F10: 211341.6 | G10: =F10/$B10 -> 0.08262508 | H10: 210651.94 | I10: =H10/$B10 -> 0.082355454 | J10: 211579.38 | K10: =J10/$B10 -> 0.082718041 | L10: =212433.58-4755.75 -> 207677.83 | M10: =L10/$B10 -> 0.08119271 | N10: 210531.28 | O10: =N10/$B10 -> 0.082308281 | P10: 210150.81 | Q10: =P10/$B10 -> 0.082159534 | R10: 211577.53 | S10: =R10/$B10 -> 0.082717318 | T10: 212053.11 | U10: =T10/$B10 -> 0.082903248 | V10: 211101.96 | W10: =V10/$B10 -> 0.082531391 | X10: 212528.68 | Y10: =X10/$B10 -> 0.083089175 | Z10: 210587.18 | AA10: =Z10/$B10 -> 0.082330135 | AB10: =D10+F10+H10+J10+L10+N10+P10+R10+T10+V10+X10+Z10 -> 2531470.5 | AC10: =AB10/$B10 -> 0.98969132 | AD10: =Mensalidades!E12+Mensalidades!E20 -> 2653860.6
A11: Mensalidade de Sócio Esportista | B11: 125553.12 | C11: =B11/12 -> 10462.76 | D11: 9511.6 | E11: =D11/$B11 -> 0.075757576 | F11: 8518.91 | G11: =F11/$B11 -> 0.067851042 | H11: 10462.76 | I11: =H11/$B11 -> 0.083333333 | J11: 10462.76 | K11: =J11/$B11 -> 0.083333333 | L11: 9987.18 | M11: =L11/$B11 -> 0.079545455 | N11: 9987.18 | O11: =N11/$B11 -> 0.079545455 | P11: 9987.18 | Q11: =P11/$B11 -> 0.079545455 | R11: 9511.6 | S11: =R11/$B11 -> 0.075757576 | T11: 9511.6 | U11: =T11/$B11 -> 0.075757576 | V11: 9511.6 | W11: =V11/$B11 -> 0.075757576 | X11: 9511.6 | Y11: =X11/$B11 -> 0.075757576 | Z11: 9257.96 | AA11: =Z11/$B11 -> 0.073737395 | AB11: =D11+F11+H11+J11+L11+N11+P11+R11+T11+V11+X11+Z11 -> 116221.93 | AC11: =AB11/$B11 -> 0.92567935 | AD11: =Mensalidades!E14 -> 119275.46
A12: FUNDO PRÓ-VELA | B12: -161003.49 | C12: =B12/12 -> -13416.958 | D12: =-(SUM(D10:D11))*0.06 -> -13272.045 | E12: =D12/$B12 -> 0.082433275 | F12: =-(SUM(F10:F11))*0.06 -> -13191.631 | G12: =F12/$B12 -> 0.081933818 | H12: =-(SUM(H10:H11))*0.06 -> -13266.882 | I12: =H12/$B12 -> 0.082401208 | J12: =-(SUM(J10:J11))*0.06 -> -13322.528 | K12: =J12/$B12 -> 0.08274683 | L12: =-(SUM(L10:L11))*0.06 -> -13059.901 | M12: =L12/$B12 -> 0.081115637 | N12: =-(SUM(N10:N11))*0.06 -> -13231.108 | O12: =N12/$B12 -> 0.082179011 | P12: =-(SUM(P10:P11))*0.06 -> -13208.279 | Q12: =P12/$B12 -> 0.082037224 | R12: =-(SUM(R10:R11))*0.06 -> -13265.348 | S12: =R12/$B12 -> 0.082391679 | T12: =-(SUM(T10:T11))*0.06 -> -13293.883 | U12: =T12/$B12 -> 0.08256891 | V12: =-(SUM(V10:V11))*0.06 -> -13236.814 | W12: =V12/$B12 -> 0.082214451 | X12: =-(SUM(X10:X11))*0.06 -> -13322.417 | Y12: =X12/$B12 -> 0.082746137 | Z12: =-(SUM(Z10:Z11))*0.06 -> -13190.708 | AA12: =Z12/$B12 -> 0.08192809 | AB12: =D12+F12+H12+J12+L12+N12+P12+R12+T12+V12+X12+Z12 -> -158861.54 | AC12: =AB12/$B12 -> 0.98669627 | AD12: =-(SUM(AD10:AD11))*0.06 -> -166388.16
A13: RECEITAS DE SERVIÇOS DIVERSOS | B13: 1171095.2 | C13: =B13/12 -> 97591.27 | D13: =SUM(D14:D21) -> 106378.58 | E13: =D13/$B13 -> 0.09083683 | F13: =SUM(F14:F21) -> 100546.17 | G13: =F13/$B13 -> 0.085856527 | H13: =SUM(H14:H21) -> 114627.43 | I13: =H13/$B13 -> 0.097880536 | J13: =SUM(J14:J21) -> 120212.69 | K13: =J13/$B13 -> 0.1026498 | L13: =SUM(L14:L21) -> 114344.07 | M13: =L13/$B13 -> 0.097638574 | N13: =SUM(N14:N21) -> 102819.93 | O13: =N13/$B13 -> 0.087798094 | P13: =SUM(P14:P21) -> 95732.35 | Q13: =P13/$B13 -> 0.081745998 | R13: =SUM(R14:R21) -> 111857.09 | S13: =R13/$B13 -> 0.095514938 | T13: =SUM(T14:T21) -> 103449.7 | U13: =T13/$B13 -> 0.088335855 | V13: =SUM(V14:V21) -> 109392.79 | W13: =V13/$B13 -> 0.093410669 | X13: =SUM(X14:X21) -> 107459.38 | Y13: =X13/$B13 -> 0.091759727 | Z13: =SUM(Z14:Z21) -> 122153.96 | AA13: =Z13/$B13 -> 0.10430745 | AB13: =SUM(AB14:AB21) -> 1308974.1 | AC13: =AB13/$B13 -> 1.117735 | AD13: =SUM(AD14:AD21) -> 1765109.4
A14: Estadia de Barcos | B14: 1020446.4 | C14: =B14/12 -> 85037.203 | D14: 87573.05 | E14: =D14/$B14 -> 0.08581837 | F14: 89875.86 | G14: =F14/$B14 -> 0.08807504 | H14: 90287.19 | I14: =H14/$B14 -> 0.088478128 | J14: 90087.69 | K14: =J14/$B14 -> 0.088282625 | L14: 90075.25 | M14: =L14/$B14 -> 0.088270434 | N14: 87842.18 | O14: =N14/$B14 -> 0.086082108 | P14: 91176.35 | Q14: =P14/$B14 -> 0.089349472 | R14: 90415.23 | S14: =R14/$B14 -> 0.088603602 | T14: 91504.7 | U14: =T14/$B14 -> 0.089671243 | V14: 91982.32 | W14: =V14/$B14 -> 0.090139293 | X14: 93223.81 | Y14: =X14/$B14 -> 0.091355907 | Z14: =90914.04-2137.21 -> 88776.83 | AA14: =Z14/$B14 -> 0.086998031 | AB14: =D14+F14+H14+J14+L14+N14+P14+R14+T14+V14+X14+Z14 -> 1082820.5 | AC14: =AB14/$B14 -> 1.0611243 | AD14: =((AB14/9)*$AE$3)*12 -> 1508729.8
A15: Taxa de Armário (Vestiários) | B15: 19165.637 | C15: =B15/12 -> 1597.1364 | D15: 1517 | E15: =D15/$B15 -> 0.079152077 | F15: 1517 | G15: =F15/$B15 -> 0.079152077 | H15: 1480 | I15: =H15/$B15 -> 0.077221538 | J15: 1517 | K15: =J15/$B15 -> 0.079152077 | L15: 1591 | M15: =L15/$B15 -> 0.083013154 | N15: 1628 | O15: =N15/$B15 -> 0.084943692 | P15: 1628 | Q15: =P15/$B15 -> 0.084943692 | R15: 1628 | S15: =R15/$B15 -> 0.084943692 | T15: 1665 | U15: =T15/$B15 -> 0.08687423 | V15: 1628 | W15: =V15/$B15 -> 0.084943692 | X15: 1591 | Y15: =X15/$B15 -> 0.083013154 | Z15: 1628 | AA15: =Z15/$B15 -> 0.084943692 | AB15: =D15+F15+H15+J15+L15+N15+P15+R15+T15+V15+X15+Z15 -> 19018 | AC15: =AB15/$B15 -> 0.99229677 | AD15: =((AB15/9)*$AE$3)*12 -> 26498.413
A16: Taxa de Armário (Hangar) | B16: 15566.943 | C16: =B16/12 -> 1297.2452 | D16: 1344 | E16: =D16/$B16 -> 0.086336799 | F16: 1344 | G16: =F16/$B16 -> 0.086336799 | H16: 1288 | I16: =H16/$B16 -> 0.082739432 | J16: 1288 | K16: =J16/$B16 -> 0.082739432 | L16: 1400 | M16: =L16/$B16 -> 0.089934165 | N16: 1456 | O16: =N16/$B16 -> 0.093531532 | P16: 1456 | Q16: =P16/$B16 -> 0.093531532 | R16: 1456 | S16: =R16/$B16 -> 0.093531532 | T16: 1456 | U16: =T16/$B16 -> 0.093531532 | V16: 1456 | W16: =V16/$B16 -> 0.093531532 | X16: 1400 | Y16: =X16/$B16 -> 0.089934165 | Z16: 1400 | AA16: =Z16/$B16 -> 0.089934165 | AB16: =D16+F16+H16+J16+L16+N16+P16+R16+T16+V16+X16+Z16 -> 16744 | AC16: =AB16/$B16 -> 1.0756126 | AD16: =((AB16/9)*$AE$3)*12 -> 23329.973
A17: Taxa de Bolão | B17: 3339 | C17: =B17/12 -> 278.25 | E17: =D17/$B17 -> 0 | G17: =F17/$B17 -> 0 | H17: 500 | I17: =H17/$B17 -> 0.14974543 | J17: 2250 | K17: =J17/$B17 -> 0.67385445 | M17: =L17/$B17 -> 0 | O17: =N17/$B17 -> 0 | Q17: =P17/$B17 -> 0 | S17: =R17/$B17 -> 0 | U17: =T17/$B17 -> 0 | V17: 2115 | W17: =V17/$B17 -> 0.63342318 | Y17: =X17/$B17 -> 0 | AA17: =Z17/$B17 -> 0 | AB17: =D17+F17+H17+J17+L17+N17+P17+R17+T17+V17+X17+Z17 -> 4865 | AC17: =AB17/$B17 -> 1.4570231 | AD17: =((AB17)*$AE$3) -> 5083.925
A18: Concessão Restaurante | B18: 97000 | C18: =B18/12 -> 8083.3333 | D18: 14596.53 | E18: =D18/$B18 -> 0.15047969 | F18: 6613.31 | G18: =F18/$B18 -> 0.068178454 | H18: 20014.24 | I18: =H18/$B18 -> 0.20633237 | K18: =J18/$B18 -> 0 | L18: 20349.82 | M18: =L18/$B18 -> 0.20979196 | N18: 10238.75 | O18: =N18/$B18 -> 0.10555412 | Q18: =P18/$B18 -> 0 | R18: 17153.86 | S18: =R18/$B18 -> 0.17684392 | U18: =T18/$B18 -> 0 | V18: 10423.47 | W18: =V18/$B18 -> 0.10745845 | X18: 10416.57 | Y18: =X18/$B18 -> 0.10738732 | Z18: 10123.13 | AA18: =Z18/$B18 -> 0.10436216 | AB18: =D18+F18+H18+J18+L18+N18+P18+R18+T18+V18+X18+Z18 -> 119929.68 | AC18: =AB18/$B18 -> 1.2363885 | AD18: =((AB18/9)*$AE$3)*12 -> 167102.02
A19: Patrocinios | C19: =B19/12 -> 0 | J19: 23000 | T19: 7000 | Z19: =1610+16500 -> 18110 | AB19: =D19+F19+H19+J19+L19+N19+P19+R19+T19+V19+X19+Z19 -> 48110 | AD19: 10000
A20: uniformes e acessórios | B20: 961.95 | C20: =B20/12 -> 80.1625 | E20: =D20/$B20 -> 0 | G20: =F20/$B20 -> 0 | I20: =H20/$B20 -> 0 | K20: =J20/$B20 -> 0 | M20: =L20/$B20 -> 0 | N20: 90 | O20: =N20/$B20 -> 0.093559956 | Q20: =P20/$B20 -> 0 | R20: 80 | S20: =R20/$B20 -> 0.083164406 | T20: 30 | U20: =T20/$B20 -> 0.031186652 | V20: 270 | W20: =V20/$B20 -> 0.28067987 | Y20: =X20/$B20 -> 0 | AA20: =Z20/$B20 -> 0 | AB20: =D20+F20+H20+J20+L20+N20+P20+R20+T20+V20+X20+Z20 -> 470 | AC20: =AB20/$B20 -> 0.48859088 | AD20: =((AB20/9)*$AE$3)*12 -> 654.86667
A21: Convites Sociais + (Parceiros) | B21: 14615.28 | C21: =B21/12 -> 1217.94 | D21: 1348 | E21: =D21/$B21 -> 0.092232239 | F21: 1196 | G21: =F21/$B21 -> 0.081832165 | H21: 1058 | I21: =H21/$B21 -> 0.072389992 | J21: 2070 | K21: =J21/$B21 -> 0.14163259 | L21: 928 | M21: =L21/$B21 -> 0.063495191 | N21: 1565 | O21: =N21/$B21 -> 0.10707971 | P21: 1472 | Q21: =P21/$B21 -> 0.10071651 | R21: 1124 | S21: =R21/$B21 -> 0.076905814 | T21: 1794 | U21: =T21/$B21 -> 0.12274825 | V21: 1518 | W21: =V21/$B21 -> 0.1038639 | X21: 828 | Y21: =X21/$B21 -> 0.056653037 | Z21: 2116 | AA21: =Z21/$B21 -> 0.14477998 | AB21: =D21+F21+H21+J21+L21+N21+P21+R21+T21+V21+X21+Z21 -> 17017 | AC21: =AB21/$B21 -> 1.1643294 | AD21: =((AB21/9)*$AE$3)*12 -> 23710.353
A22: RECEITAS CURSO DE VELA | B22: 589000 | C22: =B22/12 -> 49083.333 | D22: =SUM(D23:D26) -> 44395.1 | E22: =D22/$B22 -> 0.075373684 | F22: =SUM(F23:F26) -> 29666.4 | G22: =F22/$B22 -> 0.050367402 | H22: =SUM(H23:H26) -> 55665 | I22: =H22/$B22 -> 0.09450764 | J22: =SUM(J23:J26) -> 39534.12 | K22: =J22/$B22 -> 0.067120747 | L22: =SUM(L23:L26) -> 36430.93 | M22: =L22/$B22 -> 0.061852173 | N22: =SUM(N23:N26) -> 41765.12 | O22: =N22/$B22 -> 0.070908523 | P22: =SUM(P23:P26) -> 48136.66 | Q22: =P22/$B22 -> 0.081726078 | R22: =SUM(R23:R26) -> 37117.88 | S22: =R22/$B22 -> 0.063018472 | T22: =SUM(T23:T26) -> 41668 | U22: =T22/$B22 -> 0.070743633 | V22: =SUM(V23:V26) -> 43796 | W22: =V22/$B22 -> 0.074356537 | X22: =SUM(X23:X26) -> 57157.5 | Y22: =X22/$B22 -> 0.097041596 | Z22: =SUM(Z23:Z26) -> 70826.81 | AA22: =Z22/$B22 -> 0.12024925 | AB22: =SUM(AB23:AB26) -> 546159.52 | AC22: =AB22/$B22 -> 0.92726574 | AD22: =SUM(AD23:AD26) -> 760982.26
A23: curso de vela | B23: 244000 | C23: =B23/12 -> 20333.333 | E23: =D23/$B23 -> 0 | F23: =19204+4302 -> 23506 | G23: =F23/$B23 -> 0.096336066 | H23: =25746.5+16416+6041.5 -> 48204 | I23: =H23/$B23 -> 0.19755738 | J23: =28052.12+2736+6815 -> 37603.12 | K23: =J23/$B23 -> 0.15411115 | L23: =25335.68+7161.25 -> 32496.93 | M23: =L23/$B23 -> 0.13318414 | N23: =24447.87+6621.25 -> 31069.12 | O23: =N23/$B23 -> 0.12733246 | P23: =3106.66 -> 3106.66 | Q23: =P23/$B23 -> 0.012732213 | R23: =25349.88+9860 -> 35209.88 | S23: =R23/$B23 -> 0.14430279 | T23: =30512+10130 -> 40642 | U23: =T23/$B23 -> 0.16656557 | V23: =31782+9670 -> 41452 | W23: =V23/$B23 -> 0.16988525 | X23: =30871.5+9080 -> 39951.5 | Y23: =X23/$B23 -> 0.16373566 | Z23: =30320+8540 -> 38860 | AA23: =Z23/$B23 -> 0.1592623 | AB23: =D23+F23+H23+J23+L23+N23+P23+R23+T23+V23+X23+Z23 -> 372101.21 | AC23: =AB23/$B23 -> 1.525005 | AD23: =((AB23/9)*$AE$3)*12 -> 518461.02
A24: curso de vela adulto/arrais | B24: 90000 | C24: =B24/12 -> 7500 | E24: =D24/$B24 -> 0 | F24: 1450 | G24: =F24/$B24 -> 0.016111111 | H24: 3120 | I24: =H24/$B24 -> 0.034666667 | K24: =J24/$B24 -> 0 | L24: 1480 | M24: =L24/$B24 -> 0.016444444 | N24: =2070 -> 2070 | O24: =N24/$B24 -> 0.023 | Q24: =P24/$B24 -> 0 | S24: =R24/$B24 -> 0 | U24: =T24/$B24 -> 0 | W24: =V24/$B24 -> 0 | Y24: =X24/$B24 -> 0 | AA24: =Z24/$B24 -> 0 | AB24: =D24+F24+H24+J24+L24+N24+P24+R24+T24+V24+X24+Z24 -> 8120 | AC24: =AB24/$B24 -> 0.090222222 | AD24: =((AB24/9)*$AE$3)*12 -> 11313.867
A25: aluguel de barcos para a escola de vela / eventos nauticos | B25: 51000 | C25: =B25/12 -> 4250 | D25: 2523.1 | E25: =D25/$B25 -> 0.049472549 | F25: 4710.4 | G25: =F25/$B25 -> 0.092360784 | H25: 4341 | I25: =H25/$B25 -> 0.085117647 | J25: 1931 | K25: =J25/$B25 -> 0.037862745 | L25: 2454 | M25: =L25/$B25 -> 0.048117647 | N25: 1296 | O25: =N25/$B25 -> 0.025411765 | P25: 2414 | Q25: =P25/$B25 -> 0.047333333 | R25: 1908 | S25: =R25/$B25 -> 0.037411765 | T25: 1026 | U25: =T25/$B25 -> 0.020117647 | V25: 2344 | W25: =V25/$B25 -> 0.045960784 | X25: 1426 | Y25: =X25/$B25 -> 0.027960784 | Z25: 1473.8 | AA25: =Z25/$B25 -> 0.028898039 | AB25: =D25+F25+H25+J25+L25+N25+P25+R25+T25+V25+X25+Z25 -> 27847.3 | AC25: =AB25/$B25 -> 0.54602549 | AD25: =((AB25/9)*$AE$3)*12 -> 38800.571
A26: acampamento | B26: 204000 | C26: =B26/12 -> 17000 | D26: 41872 | E26: =D26/$B26 -> 0.2052549 | G26: =F26/$B26 -> 0 | I26: =H26/$B26 -> 0 | K26: =J26/$B26 -> 0 | M26: =L26/$B26 -> 0 | N26: 7330 | O26: =N26/$B26 -> 0.035931373 | P26: 42616 | Q26: =P26/$B26 -> 0.20890196 | S26: =R26/$B26 -> 0 | U26: =T26/$B26 -> 0 | W26: =V26/$B26 -> 0 | X26: 15780 | Y26: =X26/$B26 -> 0.077352941 | Z26: 30493.01 | AA26: =Z26/$B26 -> 0.14947554 | AB26: =D26+F26+H26+J26+L26+N26+P26+R26+T26+V26+X26+Z26 -> 138091.01 | AC26: =AB26/$B26 -> 0.67691672 | AD26: =((AB26/9)*$AE$3)*12 -> 192406.81
A27: RECEITAS FINANCEIRAS | B27: 38000 | C27: =B27/12 -> 3166.6667 | D27: =D28 -> 2572.04 | E27: =D27/$B27 -> 0.067685263 | F27: =F28 -> 1763.92 | G27: =F27/$B27 -> 0.046418947 | H27: =H28 -> 3345.83 | I27: =H27/$B27 -> 0.088048158 | J27: =J28 -> 3088.84 | K27: =J27/$B27 -> 0.081285263 | L27: =L28 -> 2878.99 | M27: =L27/$B27 -> 0.075762895 | N27: =N28 -> 3356.98 | O27: =N27/$B27 -> 0.088341579 | P27: =P28 -> 5359.46 | Q27: =P27/$B27 -> 0.14103842 | R27: =R28 -> 4212.29 | S27: =R27/$B27 -> 0.11084974 | T27: =T28 -> 5321.44 | U27: =T27/$B27 -> 0.14003789 | V27: =V28 -> 6054.02 | W27: =V27/$B27 -> 0.15931632 | X27: =X28 -> 5438.17 | Y27: =X27/$B27 -> 0.14310974 | Z27: =Z28 -> 5612.29 | AA27: =Z27/$B27 -> 0.14769184 | AB27: =AB28 -> 49004.27 | AC27: =AB27/$B27 -> 1.2895861 | AD27: =AD28 -> 68279.283
A28: Receitas Financeiras | B28: 38000 | C28: =B28/12 -> 3166.6667 | D28: 2572.04 | E28: =D28/$B28 -> 0.067685263 | F28: 1763.92 | G28: =F28/$B28 -> 0.046418947 | H28: 3345.83 | I28: =H28/$B28 -> 0.088048158 | J28: 3088.84 | K28: =J28/$B28 -> 0.081285263 | L28: =1915.65+1346.45-383.11 -> 2878.99 | M28: =L28/$B28 -> 0.075762895 | N28: 3356.98 | O28: =N28/$B28 -> 0.088341579 | P28: 5359.46 | Q28: =P28/$B28 -> 0.14103842 | R28: 4212.29 | S28: =R28/$B28 -> 0.11084974 | T28: 5321.44 | U28: =T28/$B28 -> 0.14003789 | V28: 6054.02 | W28: =V28/$B28 -> 0.15931632 | X28: 5438.17 | Y28: =X28/$B28 -> 0.14310974 | Z28: 5612.29 | AA28: =Z28/$B28 -> 0.14769184 | AB28: =D28+F28+H28+J28+L28+N28+P28+R28+T28+V28+X28+Z28 -> 49004.27 | AC28: =AB28/$B28 -> 1.2895861 | AD28: =((AB28/9)*$AE$3)*12 -> 68279.283
A29: RECEITAS EVENTUAIS | B29: 220000 | C29: =B29/12 -> 18333.333 | D29: =SUM(D30:D33) -> 33876.59 | E29: =D29/$B29 -> 0.1539845 | F29: =SUM(F30:F33) -> 41966.09 | G29: =F29/$B29 -> 0.19075495 | H29: =SUM(H30:H33) -> 34461.79 | I29: =H29/$B29 -> 0.1566445 | J29: =SUM(J30:J33) -> 63919.83 | K29: =J29/$B29 -> 0.29054468 | L29: =SUM(L30:L33) -> 30471.59 | M29: =L29/$B29 -> 0.13850723 | N29: =SUM(N30:N33) -> 3473.59 | O29: =N29/$B29 -> 0.015789045 | P29: =SUM(P30:P33) -> 30612.59 | Q29: =P29/$B29 -> 0.13914814 | R29: =SUM(R30:R33) -> 81157.59 | S29: =R29/$B29 -> 0.36889814 | T29: =SUM(T30:T33) -> 40526.59 | U29: =T29/$B29 -> 0.18421177 | V29: =SUM(V30:V33) -> 39222.16 | W29: =V29/$B29 -> 0.17828255 | X29: =SUM(X30:X33) -> 5925.59 | Y29: =X29/$B29 -> 0.0269345 | Z29: =SUM(Z30:Z33) -> 2465.59 | AA29: =Z29/$B29 -> 0.011207227 | AB29: =SUM(AB30:AB33) -> 389639.59 | AC29: =AB29/$B29 -> 1.771089 | AD29: =SUM(AD30:AD33) -> 306414.5
A30: Tx transferência | B30: 140000 | C30: =B30/12 -> 11666.667 | D30: 20000 | E30: =D30/$B30 -> 0.14285714 | F30: 30000 | G30: =F30/$B30 -> 0.21428571 | H30: 20000 | I30: =H30/$B30 -> 0.14285714 | J30: 40000 | K30: =J30/$B30 -> 0.28571429 | L30: 20000 | M30: =L30/$B30 -> 0.14285714 | O30: =N30/$B30 -> 0 | P30: 20000 | Q30: =P30/$B30 -> 0.14285714 | R30: 60000 | S30: =R30/$B30 -> 0.42857143 | T30: 20000 | U30: =T30/$B30 -> 0.14285714 | V30: 20000 | W30: =V30/$B30 -> 0.14285714 | Y30: =X30/$B30 -> 0 | AA30: =Z30/$B30 -> 0 | AB30: =D30+F30+H30+J30+L30+N30+P30+R30+T30+V30+X30+Z30 -> 250000 | AC30: =AB30/$B30 -> 1.7857143 | AD30: 140000
A31: título | B31: 50000 | C31: =B31/12 -> 4166.6667 | E31: =D31/$B31 -> 0 | F31: 2500 | G31: =F31/$B31 -> 0.05 | H31: 10000 | I31: =H31/$B31 -> 0.2 | J31: 5000 | K31: =J31/$B31 -> 0.1 | L31: 5000 | M31: =L31/$B31 -> 0.1 | O31: =N31/$B31 -> 0 | P31: 5000 | Q31: =P31/$B31 -> 0.1 | R31: 15000 | S31: =R31/$B31 -> 0.3 | T31: 5000 | U31: =T31/$B31 -> 0.1 | V31: 5000 | W31: =V31/$B31 -> 0.1 | Y31: =X31/$B31 -> 0 | AA31: =Z31/$B31 -> 0 | AB31: =D31+F31+H31+J31+L31+N31+P31+R31+T31+V31+X31+Z31 -> 52500 | AC31: =AB31/$B31 -> 1.05 | AD31: 35000
A32: aluguel sede | B32: 30000 | C32: =B32/12 -> 2500 | D32: =6717+7159.59 -> 13876.59 | E32: =D32/$B32 -> 0.462553 | F32: =9206.5+259.59 -> 9466.09 | G32: =F32/$B32 -> 0.31553633 | H32: =4102.2+359.59 -> 4461.79 | I32: =H32/$B32 -> 0.14872633 | J32: =8660.12+10259.71 -> 18919.83 | K32: =J32/$B32 -> 0.630661 | L32: =4772+699.59 -> 5471.59 | M32: =L32/$B32 -> 0.18238633 | N32: =3214+259.59 -> 3473.59 | O32: =N32/$B32 -> 0.11578633 | P32: =2553+259.59 -> 2812.59 | Q32: =P32/$B32 -> 0.093753 | R32: =3758+2399.59 -> 6157.59 | S32: =R32/$B32 -> 0.205253 | T32: =267+259.59 -> 526.59 | U32: =T32/$B32 -> 0.017553 | V32: 14222.16 | W32: =V32/$B32 -> 0.474072 | X32: =4676+609.59 -> 5285.59 | Y32: =X32/$B32 -> 0.17618633 | Z32: =2206+259.59 -> 2465.59 | AA32: =Z32/$B32 -> 0.082186333 | AB32: =D32+F32+H32+J32+L32+N32+P32+R32+T32+V32+X32+Z32 -> 87139.59 | AC32: =AB32/$B32 -> 2.904653 | AD32: =((AB32/9)*$AE$3)*12 -> 121414.5
A33: venda de imobilizado / doações/ receitas diversas | C33: =B33/12 -> 0 | P33: 2800 | T33: 15000 | X33: 640 | AD33: 10000
A34: RECEITAS DIRETORIA DE VELA | B34: 443655.68 | C34: =B34/12 -> 36971.307 | D34: =SUM(D35:D40) -> 43910 | E34: =D34/$B34 -> 0.098973149 | F34: =SUM(F35:F40) -> 56885.01 | G34: =F34/$B34 -> 0.12821882 | H34: =SUM(H35:H40) -> 44981 | I34: =H34/$B34 -> 0.10138718 | J34: =SUM(J35:J40) -> 56144 | K34: =J34/$B34 -> 0.12654859 | L34: =SUM(L35:L40) -> 61959 | M34: =L34/$B34 -> 0.1396556 | N34: =SUM(N35:N40) -> 62369 | O34: =N34/$B34 -> 0.14057974 | P34: =SUM(P35:P40) -> 49939 | Q34: =P34/$B34 -> 0.11256252 | R34: =SUM(R35:R40) -> 26794 | S34: =R34/$B34 -> 0.060393682 | T34: =SUM(T35:T40) -> 27735 | U34: =T34/$B34 -> 0.062514696 | V34: =SUM(V35:V40) -> 32593.5 | W34: =V34/$B34 -> 0.073465756 | X34: =SUM(X35:X40) -> 30669 | Y34: =X34/$B34 -> 0.069127933 | Z34: =SUM(Z35:Z40) -> 48318.4 | AA34: =Z34/$B34 -> 0.10890968 | AB34: =SUM(AB35:AB40) -> 542296.91 | AC34: =AB34/$B34 -> 1.2223374 | AD34: =SUM(AD35:AD40) -> 755600.36
A35: Eventos Náuticos | B35: 14824.603 | C35: =B35/12 -> 1235.3836 | D35: 1013 | E35: =D35/$B35 -> 0.06833235 | F35: 855 | G35: =F35/$B35 -> 0.057674392 | H35: 684 | I35: =H35/$B35 -> 0.046139514 | J35: 11434 | K35: =J35/$B35 -> 0.77128538 | L35: =8534-2500 -> 6034 | M35: =L35/$B35 -> 0.40702606 | N35: 4234 | O35: =N35/$B35 -> 0.28560629 | P35: 6234 | Q35: =P35/$B35 -> 0.42051715 | R35: 684 | S35: =R35/$B35 -> 0.046139514 | T35: 1505 | U35: =T35/$B35 -> 0.10152042 | V35: 855 | W35: =V35/$B35 -> 0.057674392 | X35: 855 | Y35: =X35/$B35 -> 0.057674392 | Z35: 17695 | AA35: =Z35/$B35 -> 1.1936238 | AB35: =D35+F35+H35+J35+L35+N35+P35+R35+T35+V35+X35+Z35 -> 52082 | AC35: =AB35/$B35 -> 3.5132137 | AD35: =((AB35/9)*$AE$3)*12 -> 72567.587
A36: Inscrições de regatas | B36: 20622.427 | C36: =B36/12 -> 1718.5356 | D36: 9000 | E36: =D36/$B36 -> 0.43641808 | F36: 27600.01 | G36: =F36/$B36 -> 1.3383493 | I36: =H36/$B36 -> 0 | J36: 200 | K36: =J36/$B36 -> 0.0096981795 | L36: 9310 | M36: =L36/$B36 -> 0.45145025 | N36: 5500 | O36: =N36/$B36 -> 0.26669994 | Q36: =P36/$B36 -> 0 | R36: 360 | S36: =R36/$B36 -> 0.017456723 | T36: 180 | U36: =T36/$B36 -> 0.0087283615 | W36: =V36/$B36 -> 0 | X36: 3240 | Y36: =X36/$B36 -> 0.15711051 | Z36: 180 | AA36: =Z36/$B36 -> 0.0087283615 | AB36: =D36+F36+H36+J36+L36+N36+P36+R36+T36+V36+X36+Z36 -> 55570.01 | AC36: =AB36/$B36 -> 2.6946396 | AD36: =((AB36/9)*$AE$3)*12 -> 77427.547
A37: Uniforme flotilha | B37: 0 | C37: =B37/12 -> 0 | AB37: =D37+F37+H37+J37+L37+N37+P37+R37+T37+V37+X37+Z37 -> 0 | AD37: =((AB37/9)*$AE$3)*12 -> 0
A38: FEVESP - Patrocinio (juizes) | B38: 23166.3 | C38: =B38/12 -> 1930.525 | E38: =D38/$B38 -> 0 | G38: =F38/$B38 -> 0 | H38: 940 | I38: =H38/$B38 -> 0.040576182 | K38: =J38/$B38 -> 0 | L38: 470 | M38: =L38/$B38 -> 0.020288091 | N38: 3890 | O38: =N38/$B38 -> 0.16791633 | Q38: =P38/$B38 -> 0 | S38: =R38/$B38 -> 0 | T38: 940 | U38: =T38/$B38 -> 0.040576182 | W38: =V38/$B38 -> 0 | Y38: =X38/$B38 -> 0 | AA38: =Z38/$B38 -> 0 | AB38: =D38+F38+H38+J38+L38+N38+P38+R38+T38+V38+X38+Z38 -> 6240 | AC38: =AB38/$B38 -> 0.26935678 | AD38: =((AB38/9)*$AE$3)*12 -> 8694.4
A39: Aluguel de barcos | B39: 0 | C39: =B39/12 -> 0 | AB39: =D39+F39+H39+J39+L39+N39+P39+R39+T39+V39+X39+Z39 -> 0 | AD39: =((AB39/9)*$AE$3)*12 -> 0
A40: Acompanhamento técnico | B40: 385042.35 | C40: =B40/12 -> 32086.863 | D40: 33897 | E40: =D40/$B40 -> 0.088034472 | F40: 28430 | G40: =F40/$B40 -> 0.073836034 | H40: =43877-520 -> 43357 | I40: =H40/$B40 -> 0.1126032 | J40: 44510 | K40: =J40/$B40 -> 0.11559767 | L40: 46145 | M40: =L40/$B40 -> 0.11984396 | N40: 48745 | O40: =N40/$B40 -> 0.12659646 | P40: 43705 | Q40: =P40/$B40 -> 0.11350699 | R40: 25750 | S40: =R40/$B40 -> 0.066875761 | T40: 25110 | U40: =T40/$B40 -> 0.065213606 | V40: 31738.5 | W40: =V40/$B40 -> 0.082428595 | X40: 26574 | Y40: =X40/$B40 -> 0.069015785 | Z40: 30443.4 | AA40: =Z40/$B40 -> 0.079065069 | AB40: =D40+F40+H40+J40+L40+N40+P40+R40+T40+V40+X40+Z40 -> 428404.9 | AC40: =AB40/$B40 -> 1.1126176 | AD40: =((AB40/9)*$AE$3)*12 -> 596910.83
A41: RECEITAS DIRETORIA SOCIAL | B41: 105127.62 | C41: =B41/12 -> 8760.6352 | D41: =SUM(D42:D45) -> 0 | E41: =D41/$B41 -> 0 | F41: =SUM(F42:F45) -> 0 | G41: =F41/$B41 -> 0 | H41: =SUM(H42:H45) -> 0 | I41: =H41/$B41 -> 0 | J41: =SUM(J42:J45) -> 11943.75 | K41: =J41/$B41 -> 0.11361191 | L41: =SUM(L42:L45) -> 100 | M41: =L41/$B41 -> 0.00095122478 | N41: =SUM(N42:N45) -> 76937 | O41: =N41/$B41 -> 0.73184381 | P41: =SUM(P42:P45) -> 0 | Q41: =P41/$B41 -> 0 | R41: =SUM(R42:R45) -> 0 | S41: =R41/$B41 -> 0 | T41: =SUM(T42:T45) -> 0 | U41: =T41/$B41 -> 0 | V41: =SUM(V42:V45) -> 2730 | W41: =V41/$B41 -> 0.025968437 | X41: =SUM(X42:X45) -> 900 | Y41: =X41/$B41 -> 0.008561023 | Z41: =SUM(Z42:Z45) -> 0 | AA41: =Z41/$B41 -> 0 | AB41: =SUM(AB42:AB45) -> 92610.75 | AC41: =AB41/$B41 -> 0.88093641 | AD41: =SUM(AD42:AD45) -> 104638.66
A42: Festas Oktoberfest | B42: 0 | C42: =B42/12 -> 0 | V42: 780 | AB42: =D42+F42+H42+J42+L42+N42+P42+R42+T42+V42+X42+Z42 -> 780 | AD42: 1000
A43: Festa Flash Back | B43: 28826.923 | C43: =B43/12 -> 2402.2436 | E43: =D43/$B43 -> 0 | G43: =F43/$B43 -> 0 | I43: =H43/$B43 -> 0 | J43: 11943.75 | K43: =J43/$B43 -> 0.41432622 | M43: =L43/$B43 -> 0 | O43: =N43/$B43 -> 0 | Q43: =P43/$B43 -> 0 | S43: =R43/$B43 -> 0 | U43: =T43/$B43 -> 0 | W43: =V43/$B43 -> 0 | Y43: =X43/$B43 -> 0 | AA43: =Z43/$B43 -> 0 | AB43: =D43+F43+H43+J43+L43+N43+P43+R43+T43+V43+X43+Z43 -> 11943.75 | AC43: =AB43/$B43 -> 0.41432622 | AD43: 20000
A44: Festas Junina | B44: 74300.7 | C44: =B44/12 -> 6191.725 | E44: =D44/$B44 -> 0 | G44: =F44/$B44 -> 0 | I44: =H44/$B44 -> 0 | K44: =J44/$B44 -> 0 | L44: 100 | M44: =L44/$B44 -> 0.0013458823 | N44: 76937 | O44: =N44/$B44 -> 1.0354815 | Q44: =P44/$B44 -> 0 | S44: =R44/$B44 -> 0 | U44: =T44/$B44 -> 0 | W44: =V44/$B44 -> 0 | Y44: =X44/$B44 -> 0 | AA44: =Z44/$B44 -> 0 | AB44: =D44+F44+H44+J44+L44+N44+P44+R44+T44+V44+X44+Z44 -> 77037 | AC44: =AB44/$B44 -> 1.0368274 | AD44: =AB44*AE3 -> 80503.665
A45: Bazar YCSA | B45: 2000 | C45: =B45/12 -> 166.66667 | E45: =D45/$B45 -> 0 | G45: =F45/$B45 -> 0 | I45: =H45/$B45 -> 0 | K45: =J45/$B45 -> 0 | M45: =L45/$B45 -> 0 | O45: =N45/$B45 -> 0 | Q45: =P45/$B45 -> 0 | S45: =R45/$B45 -> 0 | U45: =T45/$B45 -> 0 | V45: 1950 | W45: =V45/$B45 -> 0.975 | X45: 900 | Y45: =X45/$B45 -> 0.45 | AA45: =Z45/$B45 -> 0 | AB45: =D45+F45+H45+J45+L45+N45+P45+R45+T45+V45+X45+Z45 -> 2850 | AC45: =AB45/$B45 -> 1.425 | AD45: =(150*AE3)*20 -> 3135
A46: DESPESAS TOTAIS | B46: 5043773 | C46: =B46/12 -> 420314.42 | D46: =D47+D86+D107+D124+D141+D138+D148+D101 -> 323428.38 | E46: =D46/$B46 -> 0.064124294 | F46: =F47+F86+F107+F124+F141+F138+F148+F101 -> 530605.28 | G46: =F46/$B46 -> 0.10520007 | H46: =H47+H86+H107+H124+H141+H138+H148+H101 -> 425257.91 | I46: =H46/$B46 -> 0.084313452 | J46: =J47+J86+J107+J124+J141+J138+J148+J101 -> 413479.34 | K46: =J46/$B46 -> 0.081978182 | L46: =L47+L86+L107+L124+L141+L138+L148+L101 -> 351941.76 | M46: =L46/$B46 -> 0.069777478 | N46: =N47+N86+N107+N124+N141+N138+N148+N101 -> 486106.16 | O46: =N46/$B46 -> 0.096377486 | P46: =P47+P86+P107+P124+P141+P138+P148+P101 -> 364059.19 | Q46: =P46/$B46 -> 0.072179932 | R46: =R47+R86+R107+R124+R141+R138+R148+R101 -> 310240.03 | S46: =R46/$B46 -> 0.061509515 | T46: =T47+T86+T107+T124+T141+T138+T148+T101 -> 365105.94 | U46: =T46/$B46 -> 0.072387465 | V46: =V47+V86+V107+V124+V141+V138+V148+V101 -> 457432.86 | W46: =V46/$B46 -> 0.090692595 | X46: =X47+X86+X107+X124+X141+X138+X148+X101 -> 376838.7 | Y46: =X46/$B46 -> 0.074713652 | Z46: =Z47+Z86+Z107+Z124+Z141+Z138+Z148+Z101 -> 476689.72 | AA46: =Z46/$B46 -> 0.094510542 | AB46: =AB47+AB86+AB107+AB124+AB141+AB138+AB148+AB101 -> 4881185.3 | AC46: =AB46/$B46 -> 0.96776466 | AD46: =AD47+AD86+AD107+AD124+AD141+AD138+AD148+AD101 -> 5923495.9
A47: Diretor Secretário | B47: 2906841.3 | C47: =B47/12 -> 242236.78 | D47: =D48+D61+D63+D71+D78 -> 208543.1 | E47: =D47/$B47 -> 0.071742169 | F47: =F48+F61+F63+F71+F78 -> 284007.21 | G47: =F47/$B47 -> 0.097703032 | H47: =H48+H61+H63+H71+H78 -> 235825.87 | I47: =H47/$B47 -> 0.081127879 | J47: =J48+J61+J63+J71+J78 -> 244866.15 | K47: =J47/$B47 -> 0.08423788 | L47: =L48+L61+L63+L71+L78 -> 198941.11 | M47: =L47/$B47 -> 0.06843893 | N47: =N48+N61+N63+N71+N78 -> 201461.98 | O47: =N47/$B47 -> 0.06930615 | P47: =P48+P61+P63+P71+P78 -> 206362.96 | Q47: =P47/$B47 -> 0.070992165 | R47: =R48+R61+R63+R71+R78 -> 209410.44 | S47: =R47/$B47 -> 0.072040547 | T47: =T48+T61+T63+T71+T78 -> 220493.84 | U47: =T47/$B47 -> 0.075853415 | V47: =V48+V61+V63+V71+V78 -> 295546.49 | W47: =V47/$B47 -> 0.10167273 | X47: =X48+X61+X63+X71+X78 -> 242316.7 | Y47: =X47/$B47 -> 0.083360828 | Z47: =Z48+Z61+Z63+Z71+Z78 -> 285817.36 | AA47: =Z47/$B47 -> 0.098325752 | AB47: =AB48+AB61+AB63+AB71+AB78 -> 2833593.2 | AC47: =AB47/$B47 -> 0.97480148 | AD47: =AD48+AD61+AD63+AD71+AD78 -> 3326012.9
A48: Despesas com Pessoal | B48: 1666312.5 | C48: =B48/12 -> 138859.38 | D48: =SUM(D49:D60) -> 115268.74 | E48: =D48/$B48 -> 0.069175943 | F48: =SUM(F49:F60) -> 183275.15 | G48: =F48/$B48 -> 0.10998846 | H48: =SUM(H49:H60) -> 132563.5 | I48: =H48/$B48 -> 0.079555004 | J48: =SUM(J49:J60) -> 156497.21 | K48: =J48/$B48 -> 0.093918282 | L48: =SUM(L49:L60) -> 111303.89 | M48: =L48/$B48 -> 0.066796527 | N48: =SUM(N49:N60) -> 105886.6 | O48: =N48/$B48 -> 0.063545462 | P48: =SUM(P49:P60) -> 113108.14 | Q48: =P48/$B48 -> 0.067879307 | R48: =SUM(R49:R60) -> 114381.86 | S48: =R48/$B48 -> 0.068643701 | T48: =SUM(T49:T60) -> 110175.83 | U48: =T48/$B48 -> 0.066119547 | V48: =SUM(V49:V60) -> 200562.14 | W48: =V48/$B48 -> 0.12036286 | X48: =SUM(X49:X60) -> 140117.98 | Y48: =X48/$B48 -> 0.084088655 | Z48: =SUM(Z49:Z60) -> 169280.5 | AA48: =Z48/$B48 -> 0.10158989 | AB48: =SUM(AB49:AB60) -> 1652421.5 | AC48: =AB48/$B48 -> 0.99166363 | AD48: =SUM(AD49:AD60) -> 1666442.3
A49: Salários (exceto Escola de Vela) | B49: 936000 | C49: =B49/12 -> 78000 | D49: =58534.06-250.89-3891 -> 54392.17 | E49: =D49/$B49 -> 0.058111293 | F49: =66972.36-8.78-2187-15130.29-949.33 -> 48696.96 | G49: =F49/$B49 -> 0.052026667 | H49: =48723.62-10.3-3710 -> 45003.32 | I49: =H49/$B49 -> 0.04808047 | J49: =52060-204.79 -> 51855.21 | K49: =J49/$B49 -> 0.055400865 | L49: =51317.16-1847.31 -> 49469.85 | M49: =L49/$B49 -> 0.052852404 | N49: =53181.44-597.35-3911 -> 48673.09 | O49: =N49/$B49 -> 0.052001165 | P49: =48348.76-250.02-2831 -> 45267.74 | Q49: =P49/$B49 -> 0.04836297 | R49: =52249.51-10.01 -> 52239.5 | S49: =R49/$B49 -> 0.055811432 | T49: =55880.47-68.73-4000 -> 51811.74 | U49: =T49/$B49 -> 0.055354423 | V49: =82611.17-774.77-3909 -> 77927.4 | W49: =V49/$B49 -> 0.083255769 | X49: =46476.42-24.37-1112 -> 45340.05 | Y49: =X49/$B49 -> 0.048440224 | Z49: =51236.75-980.02 -> 50256.73 | AA49: =Z49/$B49 -> 0.053693088 | AB49: =D49+F49+H49+J49+L49+N49+P49+R49+T49+V49+X49+Z49 -> 620933.76 | AC49: =AB49/$B49 -> 0.66339077 | AD49: =(T49*AE3)*12 -> 649719.22
A50: Funcionários terceirizados | C50: =B50/12 -> 0 | D50: 11000 | F50: 22000 | H50: 22000 | J50: 22000 | L50: 22000 | N50: 22000 | P50: 22000 | R50: 22000 | T50: 22000 | V50: 22000 | X50: 47000 | Z50: 25000 | AB50: =D50+F50+H50+J50+L50+N50+P50+R50+T50+V50+X50+Z50 -> 281000 | AD50: =((AB50/9)*$AE$3)*12 -> 391526.67
A51: Gratificação espontânea | B51: 30000 | C51: =B51/12 -> 2500 | E51: =D51/$B51 -> 0 | F51: 200 | G51: =F51/$B51 -> 0.0066666667 | H51: 550 | I51: =H51/$B51 -> 0.018333333 | J51: 16892 | K51: =J51/$B51 -> 0.56306667 | L51: 1400 | M51: =L51/$B51 -> 0.046666667 | O51: =N51/$B51 -> 0 | Q51: =P51/$B51 -> 0 | R51: 1500 | S51: =R51/$B51 -> 0.05 | T51: 1000 | U51: =T51/$B51 -> 0.033333333 | W51: =V51/$B51 -> 0 | X51: 500 | Y51: =X51/$B51 -> 0.016666667 | AA51: =Z51/$B51 -> 0 | AB51: =D51+F51+H51+J51+L51+N51+P51+R51+T51+V51+X51+Z51 -> 22042 | AC51: =AB51/$B51 -> 0.73473333 | AD51: =((AB51/9)*$AE$3)*12 -> 30711.853
A52: Encargos | B52: 324500 | C52: =B52/12 -> 27041.667 | D52: =15556.65+6381.08+650.18 -> 22587.91 | E52: =D52/$B52 -> 0.069608351 | F52: =14191.94+18839.69+535.83 -> 33567.46 | G52: =F52/$B52 -> 0.10344364 | H52: =13966.2+5105.58+547.7 -> 19619.48 | I52: =H52/$B52 -> 0.060460647 | J52: =16930.11+5983.1+657.38-1329.27 -> 22241.32 | K52: =J52/$B52 -> 0.068540277 | L52: =13067.41+4823.56+512.44 -> 18403.41 | M52: =L52/$B52 -> 0.056713128 | N52: =13171.52+4711.7+498.48 -> 18381.7 | O52: =N52/$B52 -> 0.056646225 | P52: =13833.77+5048.63+537.56 -> 19419.96 | Q52: =P52/$B52 -> 0.059845794 | R52: =13450.91+4968.01+570.79 -> 18989.71 | S52: =R52/$B52 -> 0.058519908 | T52: =12951.52+5065.81+1881.53 -> 19898.86 | U52: =T52/$B52 -> 0.061321602 | V52: =12951.1+56990.62+4406.88-4016-52904.55 -> 17428.05 | W52: =V52/$B52 -> 0.053707396 | X52: =11185.7+4195.64+433.95 -> 15815.29 | Y52: =X52/$B52 -> 0.048737411 | Z52: =23538.65+9610.81+895.48 -> 34044.94 | AA52: =Z52/$B52 -> 0.10491507 | AB52: =D52+F52+H52+J52+L52+N52+P52+R52+T52+V52+X52+Z52 -> 260398.09 | AC52: =AB52/$B52 -> 0.80245945 | AD52: =(T52*AE3)*12 -> 249531.7
A53: Rescisões Contratuais / Acordo | B53: 30000 | C53: =B53/12 -> 2500 | E53: =D53/$B53 -> 0 | F53: =15130.29+949.33+14012.29 -> 30091.91 | G53: =F53/$B53 -> 1.0030637 | H53: 18201.41 | I53: =H53/$B53 -> 0.60671367 | J53: 20000 | K53: =J53/$B53 -> 0.66666667 | M53: =L53/$B53 -> 0 | O53: =N53/$B53 -> 0 | Q53: =P53/$B53 -> 0 | S53: =R53/$B53 -> 0 | U53: =T53/$B53 -> 0 | V53: =52904.55 -> 52904.55 | W53: =V53/$B53 -> 1.763485 | Y53: =X53/$B53 -> 0 | AA53: =Z53/$B53 -> 0 | AB53: =D53+F53+H53+J53+L53+N53+P53+R53+T53+V53+X53+Z53 -> 121197.87 | AC53: =AB53/$B53 -> 4.039929 | AD53: 50000
A54: Férias (1/3 + encargos) | B54: 52718 | C54: =B54/12 -> 4393.1667 | D54: =5732.13+752.94+312.95+2266+2643.87+365.53+1003.13 -> 13076.55 | E54: =D54/$B54 -> 0.24804716 | F54: 33487.16 | G54: =F54/$B54 -> 0.63521302 | H54: 14051.17 | I54: =H54/$B54 -> 0.26653458 | J54: 9686.97 | K54: =J54/$B54 -> 0.18375071 | L54: 5478.65 | M54: =L54/$B54 -> 0.10392371 | N54: 3489.45 | O54: =N54/$B54 -> 0.066190865 | P54: =12008.4 -> 12008.4 | Q54: =P54/$B54 -> 0.22778558 | R54: =5360.58 -> 5360.58 | S54: =R54/$B54 -> 0.10168405 | T54: 386.89 | U54: =T54/$B54 -> 0.0073388596 | V54: =15255.42-1376.89 -> 13878.53 | W54: =V54/$B54 -> 0.2632598 | X54: 2792.16 | Y54: =X54/$B54 -> 0.052964073 | Z54: 1968.28 | AA54: =Z54/$B54 -> 0.037336014 | AB54: =D54+F54+H54+J54+L54+N54+P54+R54+T54+V54+X54+Z54 -> 115664.79 | AC54: =AB54/$B54 -> 2.1940284 | AD54: =((AD49/12)/3)*1.355 -> 24454.71
A55: 13º salario + encargos | B55: 94328 | C55: =B55/12 -> 7860.6667 | E55: =D55/$B55 -> 0 | F55: 1898.66 | G55: =F55/$B55 -> 0.020128276 | I55: =H55/$B55 -> 0 | K55: =J55/$B55 -> 0 | M55: =L55/$B55 -> 0 | O55: =N55/$B55 -> 0 | Q55: =P55/$B55 -> 0 | S55: =R55/$B55 -> 0 | U55: =T55/$B55 -> 0 | W55: =V55/$B55 -> 0 | X55: 14372.13 | Y55: =X55/$B55 -> 0.15236335 | Z55: 44490.45 | AA55: =Z55/$B55 -> 0.47165688 | AB55: =D55+F55+H55+J55+L55+N55+P55+R55+T55+V55+X55+Z55 -> 60761.24 | AC55: =AB55/$B55 -> 0.6441485 | AD55: =(AD49/12)*1.355 -> 73364.129
A56: Benefícios ( vale transp. + cesta básica ) | B56: 30661.512 | C56: =B56/12 -> 2555.126 | D56: =2188.82+247.54 -> 2436.36 | E56: =D56/$B56 -> 0.079459877 | F56: =2016+257.44-241.5 -> 2031.94 | G56: =F56/$B56 -> 0.066270052 | H56: =237.64-251.16+2016 -> 2002.48 | I56: =H56/$B56 -> 0.065309238 | J56: =247.54-234.84+2016 -> 2028.7 | K56: =J56/$B56 -> 0.066164382 | L56: =237.64+241.5+2352 -> 2831.14 | M56: =L56/$B56 -> 0.092335302 | N56: =237.64-231.84+2184 -> 2189.8 | O56: =N56/$B56 -> 0.071418526 | P56: =257.44-231.84+2184 -> 2209.6 | Q56: =P56/$B56 -> 0.072064286 | R56: =227.73-251.16+2184 -> 2160.57 | S56: =R56/$B56 -> 0.070465213 | T56: =227.73-222.18+2184 -> 2189.55 | U56: =T56/$B56 -> 0.071410372 | V56: =227.73-222.18+2016 -> 2021.55 | W56: =V56/$B56 -> 0.06593119 | X56: =198.03-212.52+4029.6 -> 4015.11 | Y56: =X56/$B56 -> 0.13094951 | Z56: =39.61-193.2+2376 -> 2222.41 | AA56: =Z56/$B56 -> 0.072482074 | AB56: =D56+F56+H56+J56+L56+N56+P56+R56+T56+V56+X56+Z56 -> 28339.21 | AC56: =AB56/$B56 -> 0.92426002 | AD56: =(T56*AE3)*12 -> 27456.957
A57: Alimentação de funcionários | B57: 93641.062 | C57: =B57/12 -> 7803.4219 | D57: 6810 | E57: =D57/$B57 -> 0.072724506 | F57: 5951.74 | G57: =F57/$B57 -> 0.063559082 | H57: 5820 | I57: =H57/$B57 -> 0.062152221 | J57: 6570 | K57: =J57/$B57 -> 0.070161528 | L57: 6570 | M57: =L57/$B57 -> 0.070161528 | N57: 6030 | O57: =N57/$B57 -> 0.064394827 | P57: 7260 | Q57: =P57/$B57 -> 0.07753009 | R57: 7062.2 | S57: =R57/$B57 -> 0.075417769 | T57: 7170 | U57: =T57/$B57 -> 0.076568973 | V57: 5910 | W57: =V57/$B57 -> 0.063113338 | X57: 5502.2 | Y57: =X57/$B57 -> 0.058758411 | Z57: 5806 | AA57: =Z57/$B57 -> 0.062002714 | AB57: =D57+F57+H57+J57+L57+N57+P57+R57+T57+V57+X57+Z57 -> 76462.14 | AC57: =AB57/$B57 -> 0.81654499 | AD57: =(T57*AE3)*12 -> 89911.8
A58: Capacitação Profissional | B58: 5000 | C58: =B58/12 -> 416.66667 | E58: =D58/$B58 -> 0 | F58: 400 | G58: =F58/$B58 -> 0.08 | H58: 120 | I58: =H58/$B58 -> 0.024 | K58: =J58/$B58 -> 0 | M58: =L58/$B58 -> 0 | N58: 200 | O58: =N58/$B58 -> 0.04 | Q58: =P58/$B58 -> 0 | S58: =R58/$B58 -> 0 | U58: =T58/$B58 -> 0 | W58: =V58/$B58 -> 0 | Y58: =X58/$B58 -> 0 | AA58: =Z58/$B58 -> 0 | AB58: =D58+F58+H58+J58+L58+N58+P58+R58+T58+V58+X58+Z58 -> 720 | AC58: =AB58/$B58 -> 0.144 | AD58: 2000
A59: exames médicos, uniformes, etc | B59: 19525.152 | C59: =B59/12 -> 1627.096 | D59: 1715 | E59: =D59/$B59 -> 0.087835422 | F59: 1698.57 | G59: =F59/$B59 -> 0.086993944 | H59: =1714.99+229.9 -> 1944.89 | I59: =H59/$B59 -> 0.099609466 | J59: =1702.28+269.98 -> 1972.26 | K59: =J59/$B59 -> 0.10101125 | L59: 2765.71 | M59: =L59/$B59 -> 0.14164858 | N59: 1669.02 | O59: =N59/$B59 -> 0.085480511 | P59: =1688.9 -> 1688.9 | Q59: =P59/$B59 -> 0.086498685 | R59: 1815.76 | S59: =R59/$B59 -> 0.092995946 | T59: =1623.67+841.58 -> 2465.25 | U59: =T59/$B59 -> 0.12626022 | V59: =1487.52+3751 -> 5238.52 | W59: =V59/$B59 -> 0.26829599 | X59: 1527.5 | Y59: =X59/$B59 -> 0.078232424 | Z59: =1449.9+158.83 -> 1608.73 | AA59: =Z59/$B59 -> 0.082392699 | AB59: =D59+F59+H59+J59+L59+N59+P59+R59+T59+V59+X59+Z59 -> 26110.11 | AC59: =AB59/$B59 -> 1.3372551 | AD59: =(T59*AE3)*12 -> 30914.235
A60: Assistência Médica | B60: 49938.806 | C60: =B60/12 -> 4161.5672 | D60: 3250.75 | E60: =D60/$B60 -> 0.065094668 | F60: 3250.75 | G60: =F60/$B60 -> 0.065094668 | H60: 3250.75 | I60: =H60/$B60 -> 0.065094668 | J60: 3250.75 | K60: =J60/$B60 -> 0.065094668 | L60: 2385.13 | M60: =L60/$B60 -> 0.047761054 | N60: 3253.54 | O60: =N60/$B60 -> 0.065150536 | P60: 3253.54 | Q60: =P60/$B60 -> 0.065150536 | R60: 3253.54 | S60: =R60/$B60 -> 0.065150536 | T60: 3253.54 | U60: =T60/$B60 -> 0.065150536 | V60: 3253.54 | W60: =V60/$B60 -> 0.065150536 | X60: 3253.54 | Y60: =X60/$B60 -> 0.065150536 | Z60: 3882.96 | AA60: =Z60/$B60 -> 0.077754362 | AB60: =D60+F60+H60+J60+L60+N60+P60+R60+T60+V60+X60+Z60 -> 38792.33 | AC60: =AB60/$B60 -> 0.7767973 | AD60: =(T60*1.2)*12 -> 46850.976
A61: Seguros | B61: 56738.546 | C61: =B61/12 -> 4728.2122 | D61: =SUM(D62) -> 4190.96 | E61: =D61/$B61 -> 0.073864424 | F61: =SUM(F62) -> 4206.48 | G61: =F61/$B61 -> 0.074137959 | H61: =SUM(H62) -> 2248.62 | I61: =H61/$B61 -> 0.039631259 | J61: =SUM(J62) -> 4479.8 | K61: =J61/$B61 -> 0.078955143 | L61: =SUM(L62) -> 4753.68 | M61: =L61/$B61 -> 0.083782197 | N61: =SUM(N62) -> 4611.66 | O61: =N61/$B61 -> 0.081279136 | P61: =SUM(P62) -> 4611.86 | Q61: =P61/$B61 -> 0.081282661 | R61: =SUM(R62) -> 1501.61 | S61: =R61/$B61 -> 0.02646543 | T61: =SUM(T62) -> 4972.54 | U61: =T61/$B61 -> 0.087639539 | V61: =SUM(V62) -> 3222.86 | W61: =V61/$B61 -> 0.056801949 | X61: =SUM(X62) -> 0 | Y61: =X61/$B61 -> 0 | Z61: =SUM(Z62) -> 3102.18 | AA61: =Z61/$B61 -> 0.054675 | AB61: =SUM(AB62) -> 41902.25 | AC61: =AB61/$B61 -> 0.7385147 | AD61: =SUM(AD62) -> 58383.802
A62: Seguros | B62: 56738.546 | C62: =B62/12 -> 4728.2122 | D62: 4190.96 | E62: =D62/$B62 -> 0.073864424 | F62: 4206.48 | G62: =F62/$B62 -> 0.074137959 | H62: 2248.62 | I62: =H62/$B62 -> 0.039631259 | J62: 4479.8 | K62: =J62/$B62 -> 0.078955143 | L62: 4753.68 | M62: =L62/$B62 -> 0.083782197 | N62: 4611.66 | O62: =N62/$B62 -> 0.081279136 | P62: 4611.86 | Q62: =P62/$B62 -> 0.081282661 | R62: 1501.61 | S62: =R62/$B62 -> 0.02646543 | T62: 4972.54 | U62: =T62/$B62 -> 0.087639539 | V62: 3222.86 | W62: =V62/$B62 -> 0.056801949 | Y62: =X62/$B62 -> 0 | Z62: 3102.18 | AA62: =Z62/$B62 -> 0.054675 | AB62: =D62+F62+H62+J62+L62+N62+P62+R62+T62+V62+X62+Z62 -> 41902.25 | AC62: =AB62/$B62 -> 0.7385147 | AD62: =((AB62/9)*$AE$3)*12 -> 58383.802
A63: Consumo | B63: 209723.05 | C63: =B63/12 -> 17476.921 | D63: =SUM(D64:D70) -> 21831.09 | E63: =D63/$B63 -> 0.10409485 | F63: =SUM(F64:F70) -> 18375.29 | G63: =F63/$B63 -> 0.087616931 | H63: =SUM(H64:H70) -> 18172.22 | I63: =H63/$B63 -> 0.086648654 | J63: =SUM(J64:J70) -> 16362.01 | K63: =J63/$B63 -> 0.078017223 | L63: =SUM(L64:L70) -> 15777.34 | M63: =L63/$B63 -> 0.075229403 | N63: =SUM(N64:N70) -> 16761.91 | O63: =N63/$B63 -> 0.079924023 | P63: =SUM(P64:P70) -> 17440.41 | Q63: =P63/$B63 -> 0.083159242 | R63: =SUM(R64:R70) -> 16231.79 | S63: =R63/$B63 -> 0.077396309 | T63: =SUM(T64:T70) -> 19393.62 | U63: =T63/$B63 -> 0.092472525 | V63: =SUM(V64:V70) -> 11479.56 | W63: =V63/$B63 -> 0.054736759 | X63: =SUM(X64:X70) -> 16161.31 | Y63: =X63/$B63 -> 0.077060246 | Z63: =SUM(Z64:Z70) -> 25187.5 | AA63: =Z63/$B63 -> 0.12009886 | AB63: =SUM(AB64:AB70) -> 213174.05 | AC63: =AB63/$B63 -> 1.016455 | AD63: =SUM(AD64:AD70) -> 297022.51
A64: Água e Esgoto | B64: 100877.09 | C64: =B64/12 -> 8406.4241 | D64: 8119.56 | E64: =D64/$B64 -> 0.080489634 | F64: 8660.89 | G64: =F64/$B64 -> 0.085855868 | H64: 8119.56 | I64: =H64/$B64 -> 0.080489634 | J64: 8119.56 | K64: =J64/$B64 -> 0.080489634 | L64: 8607.25 | M64: =L64/$B64 -> 0.085324132 | N64: 8743.48 | O64: =N64/$B64 -> 0.086674587 | P64: 9134.31 | Q64: =P64/$B64 -> 0.090548906 | R64: 8983.06 | S64: =R64/$B64 -> 0.089049556 | T64: 8682.49 | U64: =T64/$B64 -> 0.08606999 | W64: =V64/$B64 -> 0 | X64: 8983 | Y64: =X64/$B64 -> 0.089048961 | Z64: 17599.22 | AA64: =Z64/$B64 -> 0.17446201 | AB64: =D64+F64+H64+J64+L64+N64+P64+R64+T64+V64+X64+Z64 -> 103752.38 | AC64: =AB64/$B64 -> 1.0285029 | AD64: =((AB64/9)*$AE$3)*12 -> 144561.65
A65: Eletricidade | B65: 15592.128 | C65: =B65/12 -> 1299.344 | D65: 3097.44 | E65: =D65/$B65 -> 0.19865409 | F65: 2817.9 | G65: =F65/$B65 -> 0.18072581 | H65: 3271.58 | I65: =H65/$B65 -> 0.20982254 | J65: 3259.04 | K65: =J65/$B65 -> 0.20901829 | L65: 2308.38 | M65: =L65/$B65 -> 0.14804778 | N65: 2515.14 | O65: =N65/$B65 -> 0.16130832 | P65: 2898.47 | Q65: =P65/$B65 -> 0.18589316 | R65: 2565.66 | S65: =R65/$B65 -> 0.16454842 | T65: 3705.04 | U65: =T65/$B65 -> 0.23762247 | V65: 3626.92 | W65: =V65/$B65 -> 0.23261225 | X65: 2383.1 | Y65: =X65/$B65 -> 0.15283994 | Z65: 1200.15 | AA65: =Z65/$B65 -> 0.076971532 | AB65: =D65+F65+H65+J65+L65+N65+P65+R65+T65+V65+X65+Z65 -> 33648.82 | AC65: =AB65/$B65 -> 2.1580646 | AD65: =((AB65/9)*$AE$3)*12 -> 46884.023
A66: Gas | B66: 29630.843 | C66: =B66/12 -> 2469.2369 | D66: 6646.87 | E66: =D66/$B66 -> 0.22432268 | F66: 2697.3 | G66: =F66/$B66 -> 0.091030149 | H66: 2089.09 | I66: =H66/$B66 -> 0.070503901 | J66: 1968.71 | K66: =J66/$B66 -> 0.066441243 | L66: 2732.56 | M66: =L66/$B66 -> 0.092220125 | N66: 2344.71 | O66: =N66/$B66 -> 0.079130723 | P66: 2616.26 | Q66: =P66/$B66 -> 0.088295161 | R66: 1449.29 | S66: =R66/$B66 -> 0.048911535 | T66: 1711.52 | U66: =T66/$B66 -> 0.057761436 | V66: 3115.57 | W66: =V66/$B66 -> 0.10514618 | X66: 1404.06 | Y66: =X66/$B66 -> 0.047385085 | Z66: 2305.94 | AA66: =Z66/$B66 -> 0.077822289 | AB66: =D66+F66+H66+J66+L66+N66+P66+R66+T66+V66+X66+Z66 -> 31081.88 | AC66: =AB66/$B66 -> 1.0489705 | AD66: =((AB66/9)*$AE$3)*12 -> 43307.419
A67: Telefone, Net, correio, cartório | B67: 8299.8 | C67: =B67/12 -> 691.65 | D67: =515.27+359.63+43.2+179.6 -> 1097.7 | E67: =D67/$B67 -> 0.1322562 | F67: =152.96+620.24 -> 773.2 | G67: =F67/$B67 -> 0.093158871 | H67: =638.77 -> 638.77 | I67: =H67/$B67 -> 0.076962095 | J67: 659.07 | K67: =J67/$B67 -> 0.079407938 | L67: 628.59 | M67: =L67/$B67 -> 0.07573556 | N67: =610.5+43.2 -> 653.7 | O67: =N67/$B67 -> 0.078760934 | P67: =619.94 -> 619.94 | Q67: =P67/$B67 -> 0.074693366 | R67: 836.41 | S67: =R67/$B67 -> 0.10077472 | T67: =655.4-174.24 -> 481.16 | U67: =T67/$B67 -> 0.057972481 | V67: =655.4+116.46 -> 771.86 | W67: =V67/$B67 -> 0.092997422 | X67: 658.97 | Y67: =X67/$B67 -> 0.079395889 | Z67: 665.22 | AA67: =Z67/$B67 -> 0.080148919 | AB67: =D67+F67+H67+J67+L67+N67+P67+R67+T67+V67+X67+Z67 -> 8484.59 | AC67: =AB67/$B67 -> 1.0222644 | AD67: =((AB67/9)*$AE$3)*12 -> 11821.862
A68: Material de escritório | B68: 7787.8836 | C68: =B68/12 -> 648.9903 | D68: 402.8 | E68: =D68/$B68 -> 0.051721369 | F68: =1682.09-99 -> 1583.09 | G68: =F68/$B68 -> 0.20327602 | H68: 1652.66 | I68: =H68/$B68 -> 0.21220913 | J68: 83.92 | K68: =J68/$B68 -> 0.010775713 | L68: 84.91 | M68: =L68/$B68 -> 0.010902834 | N68: =996.35-41.9 -> 954.45 | O68: =N68/$B68 -> 0.12255576 | Q68: =P68/$B68 -> 0 | R68: 595.62 | S68: =R68/$B68 -> 0.076480342 | T68: 2107.83 | U68: =T68/$B68 -> 0.27065505 | V68: =1901.86-230.44 -> 1671.42 | W68: =V68/$B68 -> 0.214618 | X68: 487.09 | Y68: =X68/$B68 -> 0.062544592 | Z68: 1431.06 | AA68: =Z68/$B68 -> 0.18375467 | AB68: =D68+F68+H68+J68+L68+N68+P68+R68+T68+V68+X68+Z68 -> 11054.85 | AC68: =AB68/$B68 -> 1.4194935 | AD68: =((AB68/9)*$AE$3)*12 -> 15403.091
A69: Material de consumo e limpeza | B69: 45591.851 | C69: =B69/12 -> 3799.3209 | D69: =2443.17 -> 2443.17 | E69: =D69/$B69 -> 0.053587866 | F69: =984.3+687.12 -> 1671.42 | G69: =F69/$B69 -> 0.036660499 | H69: 2263.33 | I69: =H69/$B69 -> 0.049643302 | J69: 2271.71 | K69: =J69/$B69 -> 0.049827106 | L69: 1415.65 | M69: =L69/$B69 -> 0.031050505 | N69: 1550.43 | O69: =N69/$B69 -> 0.034006735 | P69: 2171.43 | Q69: =P69/$B69 -> 0.04762759 | R69: 1801.75 | S69: =R69/$B69 -> 0.039519124 | T69: 2705.58 | U69: =T69/$B69 -> 0.0593435 | V69: =2293.79 -> 2293.79 | W69: =V69/$B69 -> 0.050311403 | X69: 2245.09 | Y69: =X69/$B69 -> 0.04924323 | Z69: =1938.41+47.5 -> 1985.91 | AA69: =Z69/$B69 -> 0.043558442 | AB69: =D69+F69+H69+J69+L69+N69+P69+R69+T69+V69+X69+Z69 -> 24819.26 | AC69: =AB69/$B69 -> 0.5443793 | AD69: =((AB69/9)*$AE$3)*12 -> 34581.502
A70: mat. vestiário e enfermaria | B70: 1943.457 | C70: =B70/12 -> 161.95475 | D70: 23.55 | E70: =D70/$B70 -> 0.012117582 | F70: 171.49 | G70: =F70/$B70 -> 0.088239668 | H70: 137.23 | I70: =H70/$B70 -> 0.070611287 | K70: =J70/$B70 -> 0 | M70: =L70/$B70 -> 0 | O70: =N70/$B70 -> 0 | Q70: =P70/$B70 -> 0 | S70: =R70/$B70 -> 0 | U70: =T70/$B70 -> 0 | W70: =V70/$B70 -> 0 | Y70: =X70/$B70 -> 0 | AA70: =Z70/$B70 -> 0 | AB70: =D70+F70+H70+J70+L70+N70+P70+R70+T70+V70+X70+Z70 -> 332.27 | AC70: =AB70/$B70 -> 0.17096854 | AD70: =((AB70/9)*$AE$3)*12 -> 462.96287
A71: Serviços Terceirizados | B71: 927804.36 | C71: =B71/12 -> 77317.03 | D71: =SUM(D72:D77) -> 65464.33 | E71: =D71/$B71 -> 0.070558334 | F71: =SUM(F72:F77) -> 73843.29 | G71: =F71/$B71 -> 0.07958929 | H71: =SUM(H72:H77) -> 78892.23 | I71: =H71/$B71 -> 0.085031105 | J71: =SUM(J72:J77) -> 64745.11 | K71: =J71/$B71 -> 0.069783149 | L71: =SUM(L72:L77) -> 66268.47 | M71: =L71/$B71 -> 0.071425047 | N71: =SUM(N72:N77) -> 72586.28 | O71: =N71/$B71 -> 0.078234468 | P71: =SUM(P72:P77) -> 66815.8 | Q71: =P71/$B71 -> 0.072014967 | R71: =SUM(R72:R77) -> 68390.87 | S71: =R71/$B71 -> 0.073712598 | T71: =SUM(T72:T77) -> 73551.84 | U71: =T71/$B71 -> 0.079275161 | V71: =SUM(V72:V77) -> 74308.24 | W71: =V71/$B71 -> 0.080090419 | X71: =SUM(X72:X77) -> 80434.65 | Y71: =X71/$B71 -> 0.086693546 | Z71: =SUM(Z72:Z77) -> 84710.18 | AA71: =Z71/$B71 -> 0.09130177 | AB71: =SUM(AB72:AB77) -> 870011.29 | AC71: =AB71/$B71 -> 0.93770986 | AD71: =SUM(AD72:AD77) -> 1222215.7
A72: Contabilidade | B72: 73903.915 | C72: =B72/12 -> 6158.6596 | D72: 5480 | E72: =D72/$B72 -> 0.074150334 | F72: 5480 | G72: =F72/$B72 -> 0.074150334 | H72: 6186 | I72: =H72/$B72 -> 0.083703278 | J72: 5480 | K72: =J72/$B72 -> 0.074150334 | L72: 5480 | M72: =L72/$B72 -> 0.074150334 | N72: 5682.1 | O72: =N72/$B72 -> 0.076884966 | P72: 5682.1 | Q72: =P72/$B72 -> 0.076884966 | R72: 5682.1 | S72: =R72/$B72 -> 0.076884966 | T72: 5682.1 | U72: =T72/$B72 -> 0.076884966 | V72: 5682.1 | W72: =V72/$B72 -> 0.076884966 | X72: 8523.15 | Y72: =X72/$B72 -> 0.11532745 | Z72: 8523.15 | AA72: =Z72/$B72 -> 0.11532745 | AB72: =D72+F72+H72+J72+L72+N72+P72+R72+T72+V72+X72+Z72 -> 73562.8 | AC72: =AB72/$B72 -> 0.99538434 | AD72: =((AB72/9)*$AE$3)*12 -> 102497.5
A73: Assessoria Jurídica | B73: 15000 | C73: =B73/12 -> 1250 | D73: =310.34+32.93 -> 343.27 | E73: =D73/$B73 -> 0.022884667 | F73: 4596.54 | G73: =F73/$B73 -> 0.306436 | H73: 7112.04 | I73: =H73/$B73 -> 0.474136 | J73: 3881.04 | K73: =J73/$B73 -> 0.258736 | L73: 6196.54 | M73: =L73/$B73 -> 0.41310267 | N73: 2085.19 | O73: =N73/$B73 -> 0.13901267 | P73: =785.26 -> 785.26 | Q73: =P73/$B73 -> 0.052350667 | R73: 708.19 | S73: =R73/$B73 -> 0.047212667 | T73: 708.19 | U73: =T73/$B73 -> 0.047212667 | V73: 508.19 | W73: =V73/$B73 -> 0.033879333 | X73: 378.55 | Y73: =X73/$B73 -> 0.025236667 | Z73: 308.19 | AA73: =Z73/$B73 -> 0.020546 | AB73: =D73+F73+H73+J73+L73+N73+P73+R73+T73+V73+X73+Z73 -> 27611.19 | AC73: =AB73/$B73 -> 1.840746 | AD73: =((AB73/9)*$AE$3)*12 -> 38471.591
A74: Auditoria Contábil | B74: 30000 | C74: =B74/12 -> 2500 | D74: 4288.21 | E74: =D74/$B74 -> 0.14294033 | F74: 4288.23 | G74: =F74/$B74 -> 0.142941 | H74: 2697.82 | I74: =H74/$B74 -> 0.089927333 | K74: =J74/$B74 -> 0 | M74: =L74/$B74 -> 0 | O74: =N74/$B74 -> 0 | Q74: =P74/$B74 -> 0 | S74: =R74/$B74 -> 0 | T74: 9296.12 | U74: =T74/$B74 -> 0.30987067 | V74: 4648.06 | W74: =V74/$B74 -> 0.15493533 | X74: 4648.06 | Y74: =X74/$B74 -> 0.15493533 | Z74: 4648.06 | AA74: =Z74/$B74 -> 0.15493533 | AB74: =D74+F74+H74+J74+L74+N74+P74+R74+T74+V74+X74+Z74 -> 34514.56 | AC74: =AB74/$B74 -> 1.1504853 | AD74: =((AB74/9)*$AE$3)*12 -> 48090.287
A75: Salva Vidas | B75: 0 | C75: =B75/12 -> 0 | AB75: =D75+F75+H75+J75+L75+N75+P75+R75+T75+V75+X75+Z75 -> 0 | AC75: =AB75/$B75 -> #DIV/0! | AD75: 10000
A76: Colaboradores terceirizados (faxineira, jardineiro, porteiros) | B76: 712821.67 | C76: =B76/12 -> 59401.806 | D76: 39432.69 | E76: =D76/$B76 -> 0.055319152 | F76: 42605.93 | G76: =F76/$B76 -> 0.059770812 | H76: =70402.54-0.02-22000 -> 48402.52 | I76: =H76/$B76 -> 0.067902706 | J76: =66043.77-22000 -> 44043.77 | K76: =J76/$B76 -> 0.061787922 | L76: =65648.01-22000 -> 43648.01 | M76: =L76/$B76 -> 0.06123272 | N76: =66069.77-22000 -> 44069.77 | O76: =N76/$B76 -> 0.061824397 | P76: =65972.43-22000 -> 43972.43 | Q76: =P76/$B76 -> 0.061687841 | R76: =69446.39-22000 -> 47446.39 | S76: =R76/$B76 -> 0.066561374 | T76: =66846.21-22000 -> 44846.21 | U76: =T76/$B76 -> 0.062913646 | V76: =70780.18-22000 -> 48780.18 | W76: =V76/$B76 -> 0.068432516 | X76: =100051.48-47000 -> 53051.48 | Y76: =X76/$B76 -> 0.074424617 | Z76: =78753.21-25000 -> 53753.21 | AA76: =Z76/$B76 -> 0.075409057 | AB76: =D76+F76+H76+J76+L76+N76+P76+R76+T76+V76+X76+Z76 -> 554052.59 | AC76: =AB76/$B76 -> 0.77726676 | AD76: =((AB76/9)*$AE$3)*12 -> 771979.94
A77: Outros (sistema /informática / site / serviços de terceiros) | B77: 96078.771 | C77: =B77/12 -> 8006.5642 | D77: =3056.54+12863.62 -> 15920.16 | E77: =D77/$B77 -> 0.16569904 | F77: =5421.53+11451.06 -> 16872.59 | G77: =F77/$B77 -> 0.17561205 | H77: =10009.45+4450.03+34.37 -> 14493.85 | I77: =H77/$B77 -> 0.15085382 | J77: =6921.74+4353.44+65.12 -> 11340.3 | K77: =J77/$B77 -> 0.11803128 | L77: =7729.78+3163.7+50.44 -> 10943.92 | M77: =L77/$B77 -> 0.1139057 | N77: =17186.01+2934+629.21 -> 20749.22 | O77: =N77/$B77 -> 0.21596051 | P77: =13040.7+3335.31 -> 16376.01 | Q77: =P77/$B77 -> 0.17044358 | R77: =10753.21+3630.98+170 -> 14554.19 | S77: =R77/$B77 -> 0.15148185 | T77: =9537.85+3481.37 -> 13019.22 | U77: =T77/$B77 -> 0.13550569 | V77: =10359.35+4330.36 -> 14689.71 | W77: =V77/$B77 -> 0.15289236 | X77: =8842.75+4106.16+884.5 -> 13833.41 | Y77: =X77/$B77 -> 0.14397988 | Z77: =11981.04+4936.91+559.62 -> 17477.57 | AA77: =Z77/$B77 -> 0.18190876 | AB77: =D77+F77+H77+J77+L77+N77+P77+R77+T77+V77+X77+Z77 -> 180270.15 | AC77: =AB77/$B77 -> 1.8762745 | AD77: =((AB77/9)*$AE$3)*12 -> 251176.41
A78: Outras Despesas Operacionais | B78: 46262.833 | C78: =B78/12 -> 3855.2361 | D78: =SUM(D79:D85) -> 1787.98 | E78: =D78/$B78 -> 0.038648303 | F78: =SUM(F79:F85) -> 4307 | G78: =F78/$B78 -> 0.093098493 | H78: =SUM(H79:H85) -> 3949.3 | I78: =H78/$B78 -> 0.085366584 | J78: =SUM(J79:J85) -> 2782.02 | K78: =J78/$B78 -> 0.060135098 | L78: =SUM(L79:L85) -> 837.73 | M78: =L78/$B78 -> 0.018108057 | N78: =SUM(N79:N85) -> 1615.53 | O78: =N78/$B78 -> 0.034920689 | P78: =SUM(P79:P85) -> 4386.75 | Q78: =P78/$B78 -> 0.094822339 | R78: =SUM(R79:R85) -> 8904.31 | S78: =R78/$B78 -> 0.19247222 | T78: =SUM(T79:T85) -> 12400.01 | U78: =T78/$B78 -> 0.26803395 | V78: =SUM(V79:V85) -> 5973.69 | W78: =V78/$B78 -> 0.12912504 | X78: =SUM(X79:X85) -> 5602.76 | Y78: =X78/$B78 -> 0.12110715 | Z78: =SUM(Z79:Z85) -> 3537 | AA78: =Z78/$B78 -> 0.076454462 | AB78: =SUM(AB79:AB85) -> 56084.08 | AC78: =AB78/$B78 -> 1.2122924 | AD78: =SUM(AD79:AD85) -> 81948.612
A79: Conduções, viagens, cópias | B79: 1000 | C79: =B79/12 -> 83.333333 | E79: =D79/$B79 -> 0 | G79: =F79/$B79 -> 0 | I79: =H79/$B79 -> 0 | K79: =J79/$B79 -> 0 | M79: =L79/$B79 -> 0 | N79: 88.35 | O79: =N79/$B79 -> 0.08835 | Q79: =P79/$B79 -> 0 | S79: =R79/$B79 -> 0 | T79: 42.26 | U79: =T79/$B79 -> 0.04226 | W79: =V79/$B79 -> 0 | Y79: =X79/$B79 -> 0 | AA79: =Z79/$B79 -> 0 | AB79: =D79+F79+H79+J79+L79+N79+P79+R79+T79+V79+X79+Z79 -> 130.61 | AC79: =AB79/$B79 -> 0.13061 | AD79: =((AB79/9)*$AE$3)*12 -> 181.98327
A80: Marketing (impressos diversos) | B80: 5000 | C80: =B80/12 -> 416.66667 | E80: =D80/$B80 -> 0 | G80: =F80/$B80 -> 0 | I80: =H80/$B80 -> 0 | K80: =J80/$B80 -> 0 | M80: =L80/$B80 -> 0 | O80: =N80/$B80 -> 0 | Q80: =P80/$B80 -> 0 | R80: 1297.32 | S80: =R80/$B80 -> 0.259464 | T80: 1229 | U80: =T80/$B80 -> 0.2458 | W80: =V80/$B80 -> 0 | Y80: =X80/$B80 -> 0 | Z80: 1920 | AA80: =Z80/$B80 -> 0.384 | AB80: =D80+F80+H80+J80+L80+N80+P80+R80+T80+V80+X80+Z80 -> 4446.32 | AC80: =AB80/$B80 -> 0.889264 | AD80: 5000
A81: Despesas Gerais (Lanches e refeições) | B81: 3138.6441 | C81: =B81/12 -> 261.55368 | E81: =D81/$B81 -> 0 | G81: =F81/$B81 -> 0 | H81: 2021.3 | I81: =H81/$B81 -> 0.64400421 | K81: =J81/$B81 -> 0 | L81: 59.5 | M81: =L81/$B81 -> 0.018957231 | N81: 35.2 | O81: =N81/$B81 -> 0.011215034 | P81: 449.5 | Q81: =P81/$B81 -> 0.14321471 | S81: =R81/$B81 -> 0 | T81: 1816.2 | U81: =T81/$B81 -> 0.57865752 | V81: 97.4 | W81: =V81/$B81 -> 0.031032509 | Y81: =X81/$B81 -> 0 | Z81: 1575 | AA81: =Z81/$B81 -> 0.50180905 | AB81: =D81+F81+H81+J81+L81+N81+P81+R81+T81+V81+X81+Z81 -> 6054.1 | AC81: =AB81/$B81 -> 1.9288902 | AD81: =((AB81/9)*$AE$3)*12 -> 8435.3793
A82: despesa de deslocamento, motoboy | B82: 3211.6887 | C82: =B82/12 -> 267.64073 | D82: =672-134.02 -> 537.98 | E82: =D82/$B82 -> 0.16750689 | F82: 168 | G82: =F82/$B82 -> 0.05230893 | H82: =15+384 -> 399 | I82: =H82/$B82 -> 0.12423371 | J82: 40 | K82: =J82/$B82 -> 0.012454507 | M82: =L82/$B82 -> 0 | N82: =200+41.98 -> 241.98 | O82: =N82/$B82 -> 0.075343541 | P82: 30 | Q82: =P82/$B82 -> 0.0093408804 | S82: =R82/$B82 -> 0 | T82: =27.99+30 -> 57.99 | U82: =T82/$B82 -> 0.018055922 | V82: =68.25+497.96+13 -> 579.21 | W82: =V82/$B82 -> 0.18034438 | X82: 190.76 | Y82: =X82/$B82 -> 0.059395545 | Z82: =23+19 -> 42 | AA82: =Z82/$B82 -> 0.013077233 | AB82: =D82+F82+H82+J82+L82+N82+P82+R82+T82+V82+X82+Z82 -> 2286.92 | AC82: =AB82/$B82 -> 0.71206154 | AD82: =((AB82/9)*$AE$3)*12 -> 3186.4419
A83: compra de pequenos bens | B83: 15000 | C83: =B83/12 -> 1250 | E83: =D83/$B83 -> 0 | F83: 2889 | G83: =F83/$B83 -> 0.1926 | H83: =810.25-531.25 -> 279 | I83: =H83/$B83 -> 0.0186 | J83: 1492.02 | K83: =J83/$B83 -> 0.099468 | L83: =656.34-1128.11 -> -471.77 | M83: =L83/$B83 -> -0.031451333 | O83: =N83/$B83 -> 0 | P83: 2657.25 | Q83: =P83/$B83 -> 0.17715 | R83: 6356.99 | S83: =R83/$B83 -> 0.42379933 | T83: =8949.56-945 -> 8004.56 | U83: =T83/$B83 -> 0.53363733 | V83: 4047.08 | W83: =V83/$B83 -> 0.26980533 | X83: 2762 | Y83: =X83/$B83 -> 0.18413333 | AA83: =Z83/$B83 -> 0 | AB83: =D83+F83+H83+J83+L83+N83+P83+R83+T83+V83+X83+Z83 -> 28016.13 | AC83: =AB83/$B83 -> 1.867742 | AD83: =((AB83/9)*$AE$3)*12 -> 39035.808
A84: Outros (dedetização/headhunter,etc) | B84: 13912.5 | C84: =B84/12 -> 1159.375 | D84: 1250 | E84: =D84/$B84 -> 0.08984726 | F84: 1250 | G84: =F84/$B84 -> 0.08984726 | H84: 1250 | I84: =H84/$B84 -> 0.08984726 | J84: =1250 -> 1250 | K84: =J84/$B84 -> 0.08984726 | L84: =1250 -> 1250 | M84: =L84/$B84 -> 0.08984726 | N84: 1250 | O84: =N84/$B84 -> 0.08984726 | P84: =1250 -> 1250 | Q84: =P84/$B84 -> 0.08984726 | R84: 1250 | S84: =R84/$B84 -> 0.08984726 | T84: 1250 | U84: =T84/$B84 -> 0.08984726 | V84: =1250 -> 1250 | W84: =V84/$B84 -> 0.08984726 | X84: =2650 -> 2650 | Y84: =X84/$B84 -> 0.19047619 | AA84: =Z84/$B84 -> 0 | AB84: =D84+F84+H84+J84+L84+N84+P84+R84+T84+V84+X84+Z84 -> 15150 | AC84: =AB84/$B84 -> 1.0889488 | AD84: =((AB84/9)*$AE$3)*12 -> 21109
A85: Uniformes e Acessórios para venda | B85: 5000 | C85: =B85/12 -> 416.66667 | E85: =D85/$B85 -> 0 | G85: =F85/$B85 -> 0 | I85: =H85/$B85 -> 0 | K85: =J85/$B85 -> 0 | M85: =L85/$B85 -> 0 | O85: =N85/$B85 -> 0 | Q85: =P85/$B85 -> 0 | S85: =R85/$B85 -> 0 | U85: =T85/$B85 -> 0 | W85: =V85/$B85 -> 0 | Y85: =X85/$B85 -> 0 | AA85: =Z85/$B85 -> 0 | AB85: =D85+F85+H85+J85+L85+N85+P85+R85+T85+V85+X85+Z85 -> 0 | AC85: =AB85/$B85 -> 0 | AD85: 5000
A86: Diretoria Social | B86: 205000 | C86: =B86/12 -> 17083.333 | D86: =D87 -> 1390 | E86: =D86/$B86 -> 0.0067804878 | F86: =F87 -> 8310 | G86: =F86/$B86 -> 0.040536585 | H86: =H87 -> 16082.11 | I86: =H86/$B86 -> 0.078449317 | J86: =J87 -> 7491.73 | K86: =J86/$B86 -> 0.036545024 | L86: =L87 -> 3884.98 | M86: =L86/$B86 -> 0.018951122 | N86: =N87 -> 66052.8 | O86: =N86/$B86 -> 0.32220878 | P86: =P87 -> 640 | Q86: =P86/$B86 -> 0.0031219512 | R86: =R87 -> 107 | S86: =R86/$B86 -> 0.00052195122 | T86: =T87 -> 3305.62 | U86: =T86/$B86 -> 0.016124976 | V86: =V87 -> 18802.65 | W86: =V86/$B86 -> 0.091720244 | X86: =X87 -> 6980.74 | Y86: =X86/$B86 -> 0.03405239 | Z86: =Z87 -> 27206.21 | AA86: =Z86/$B86 -> 0.13271322 | AB86: =AB87 -> 160253.84 | AC86: =AB86/$B86 -> 0.78172605 | AD86: =AD87 -> 184296.42
A87: Festas e Eventos | B87: 205000 | C87: =B87/12 -> 17083.333 | D87: =SUM(D88:D100) -> 1390 | E87: =D87/$B87 -> 0.0067804878 | F87: =SUM(F88:F100) -> 8310 | G87: =F87/$B87 -> 0.040536585 | H87: =SUM(H88:H100) -> 16082.11 | I87: =H87/$B87 -> 0.078449317 | J87: =SUM(J88:J100) -> 7491.73 | K87: =J87/$B87 -> 0.036545024 | L87: =SUM(L88:L100) -> 3884.98 | M87: =L87/$B87 -> 0.018951122 | N87: =SUM(N88:N100) -> 66052.8 | O87: =N87/$B87 -> 0.32220878 | P87: =SUM(P88:P100) -> 640 | Q87: =P87/$B87 -> 0.0031219512 | R87: =SUM(R88:R100) -> 107 | S87: =R87/$B87 -> 0.00052195122 | T87: =SUM(T88:T100) -> 3305.62 | U87: =T87/$B87 -> 0.016124976 | V87: =SUM(V88:V100) -> 18802.65 | W87: =V87/$B87 -> 0.091720244 | X87: =SUM(X88:X100) -> 6980.74 | Y87: =X87/$B87 -> 0.03405239 | Z87: =SUM(Z88:Z100) -> 27206.21 | AA87: =Z87/$B87 -> 0.13271322 | AB87: =SUM(AB88:AB100) -> 160253.84 | AC87: =AB87/$B87 -> 0.78172605 | AD87: =SUM(AD88:AD100) -> 184296.42
A88: Festa Junina | B88: 75000 | C88: =B88/12 -> 6250 | E88: =D88/$B88 -> 0 | G88: =F88/$B88 -> 0 | I88: =H88/$B88 -> 0 | J88: 1650 | K88: =J88/$B88 -> 0.022 | L88: 3686.08 | M88: =L88/$B88 -> 0.049147733 | N88: =66072.8-20 -> 66052.8 | O88: =N88/$B88 -> 0.880704 | Q88: =P88/$B88 -> 0 | S88: =R88/$B88 -> 0 | U88: =T88/$B88 -> 0 | W88: =V88/$B88 -> 0 | Y88: =X88/$B88 -> 0 | AA88: =Z88/$B88 -> 0 | AB88: =D88+F88+H88+J88+L88+N88+P88+R88+T88+V88+X88+Z88 -> 71388.88 | AC88: =AB88/$B88 -> 0.95185173 | AD88: =AB88*AE3 -> 74601.38
A89: Oktoberfest | B89: 15000 | C89: =B89/12 -> 1250 | E89: =D89/$B89 -> 0 | G89: =F89/$B89 -> 0 | H89: 2350 | I89: =H89/$B89 -> 0.15666667 | K89: =J89/$B89 -> 0 | M89: =L89/$B89 -> 0 | O89: =N89/$B89 -> 0 | Q89: =P89/$B89 -> 0 | S89: =R89/$B89 -> 0 | T89: 686.11 | U89: =T89/$B89 -> 0.045740667 | V89: 18203.16 | W89: =V89/$B89 -> 1.213544 | X89: 2100 | Y89: =X89/$B89 -> 0.14 | AA89: =Z89/$B89 -> 0 | AB89: =D89+F89+H89+J89+L89+N89+P89+R89+T89+V89+X89+Z89 -> 23339.27 | AC89: =AB89/$B89 -> 1.5559513 | AD89: =21239.27*AE3 -> 22195.037
A90: Bazar de Natal | B90: 5000 | C90: =B90/12 -> 416.66667 | E90: =D90/$B90 -> 0 | G90: =F90/$B90 -> 0 | I90: =H90/$B90 -> 0 | K90: =J90/$B90 -> 0 | M90: =L90/$B90 -> 0 | O90: =N90/$B90 -> 0 | Q90: =P90/$B90 -> 0 | S90: =R90/$B90 -> 0 | U90: =T90/$B90 -> 0 | W90: =V90/$B90 -> 0 | Y90: =X90/$B90 -> 0 | AA90: =Z90/$B90 -> 0 | AB90: =D90+F90+H90+J90+L90+N90+P90+R90+T90+V90+X90+Z90 -> 0 | AC90: =AB90/$B90 -> 0 | AD90: 5000
A91: Homenagens | B91: 16500 | C91: =B91/12 -> 1375 | E91: =D91/$B91 -> 0 | G91: =F91/$B91 -> 0 | I91: =H91/$B91 -> 0 | K91: =J91/$B91 -> 0 | M91: =L91/$B91 -> 0 | O91: =N91/$B91 -> 0 | Q91: =P91/$B91 -> 0 | S91: =R91/$B91 -> 0 | T91: 1120 | U91: =T91/$B91 -> 0.067878788 | W91: =V91/$B91 -> 0 | X91: 1610 | Y91: =X91/$B91 -> 0.097575758 | Z91: 1620 | AA91: =Z91/$B91 -> 0.098181818 | AB91: =D91+F91+H91+J91+L91+N91+P91+R91+T91+V91+X91+Z91 -> 4350 | AC91: =AB91/$B91 -> 0.26363636 | AD91: 15000
A92: Jantar do Comodoro | B92: 33000 | C92: =B92/12 -> 2750 | E92: =D92/$B92 -> 0 | F92: 8310 | G92: =F92/$B92 -> 0.25181818 | I92: =H92/$B92 -> 0 | K92: =J92/$B92 -> 0 | M92: =L92/$B92 -> 0 | O92: =N92/$B92 -> 0 | Q92: =P92/$B92 -> 0 | S92: =R92/$B92 -> 0 | U92: =T92/$B92 -> 0 | W92: =V92/$B92 -> 0 | X92: 576.17 | Y92: =X92/$B92 -> 0.017459697 | Z92: 19309.43 | AA92: =Z92/$B92 -> 0.58513424 | AB92: =D92+F92+H92+J92+L92+N92+P92+R92+T92+V92+X92+Z92 -> 28195.6 | AC92: =AB92/$B92 -> 0.85441212 | AD92: 33000
A93: Páscoa | B93: 2000 | C93: =B93/12 -> 166.66667 | E93: =D93/$B93 -> 0 | G93: =F93/$B93 -> 0 | H93: 557.01 | I93: =H93/$B93 -> 0.278505 | J93: 1100 | K93: =J93/$B93 -> 0.55 | M93: =L93/$B93 -> 0 | O93: =N93/$B93 -> 0 | Q93: =P93/$B93 -> 0 | S93: =R93/$B93 -> 0 | U93: =T93/$B93 -> 0 | W93: =V93/$B93 -> 0 | Y93: =X93/$B93 -> 0 | AA93: =Z93/$B93 -> 0 | AB93: =D93+F93+H93+J93+L93+N93+P93+R93+T93+V93+X93+Z93 -> 1657.01 | AC93: =AB93/$B93 -> 0.828505 | AD93: 2000
A94: Dia das Crianças | B94: 3000 | C94: =B94/12 -> 250 | E94: =D94/$B94 -> 0 | G94: =F94/$B94 -> 0 | I94: =H94/$B94 -> 0 | K94: =J94/$B94 -> 0 | M94: =L94/$B94 -> 0 | O94: =N94/$B94 -> 0 | Q94: =P94/$B94 -> 0 | S94: =R94/$B94 -> 0 | T94: 599.51 | U94: =T94/$B94 -> 0.19983667 | V94: 599.49 | W94: =V94/$B94 -> 0.19983 | Y94: =X94/$B94 -> 0 | AA94: =Z94/$B94 -> 0 | AB94: =D94+F94+H94+J94+L94+N94+P94+R94+T94+V94+X94+Z94 -> 1199 | AC94: =AB94/$B94 -> 0.39966667 | AD94: 2000
A95: Carnaval | B95: 1500 | C95: =B95/12 -> 125 | D95: 1390 | E95: =D95/$B95 -> 0.92666667 | G95: =F95/$B95 -> 0 | I95: =H95/$B95 -> 0 | K95: =J95/$B95 -> 0 | M95: =L95/$B95 -> 0 | O95: =N95/$B95 -> 0 | Q95: =P95/$B95 -> 0 | S95: =R95/$B95 -> 0 | U95: =T95/$B95 -> 0 | W95: =V95/$B95 -> 0 | Y95: =X95/$B95 -> 0 | AA95: =Z95/$B95 -> 0 | AB95: =D95+F95+H95+J95+L95+N95+P95+R95+T95+V95+X95+Z95 -> 1390 | AC95: =AB95/$B95 -> 0.92666667 | AD95: 1500
A96: Dia das mães | B96: 2000 | C96: =B96/12 -> 166.66667 | E96: =D96/$B96 -> 0 | G96: =F96/$B96 -> 0 | I96: =H96/$B96 -> 0 | J96: 1000 | K96: =J96/$B96 -> 0.5 | L96: 198.9 | M96: =L96/$B96 -> 0.09945 | O96: =N96/$B96 -> 0 | Q96: =P96/$B96 -> 0 | S96: =R96/$B96 -> 0 | U96: =T96/$B96 -> 0 | W96: =V96/$B96 -> 0 | Y96: =X96/$B96 -> 0 | AA96: =Z96/$B96 -> 0 | AB96: =D96+F96+H96+J96+L96+N96+P96+R96+T96+V96+X96+Z96 -> 1198.9 | AC96: =AB96/$B96 -> 0.59945 | AD96: 2000
A97: Dia dos pais | B97: 2000 | C97: =B97/12 -> 166.66667 | E97: =D97/$B97 -> 0 | G97: =F97/$B97 -> 0 | I97: =H97/$B97 -> 0 | K97: =J97/$B97 -> 0 | M97: =L97/$B97 -> 0 | O97: =N97/$B97 -> 0 | P97: 640 | Q97: =P97/$B97 -> 0.32 | R97: 107 | S97: =R97/$B97 -> 0.0535 | U97: =T97/$B97 -> 0 | W97: =V97/$B97 -> 0 | Y97: =X97/$B97 -> 0 | AA97: =Z97/$B97 -> 0 | AB97: =D97+F97+H97+J97+L97+N97+P97+R97+T97+V97+X97+Z97 -> 747 | AC97: =AB97/$B97 -> 0.3735 | AD97: 2000
A98: Natal | B98: 5000 | C98: =B98/12 -> 416.66667 | E98: =D98/$B98 -> 0 | G98: =F98/$B98 -> 0 | I98: =H98/$B98 -> 0 | K98: =J98/$B98 -> 0 | M98: =L98/$B98 -> 0 | O98: =N98/$B98 -> 0 | Q98: =P98/$B98 -> 0 | S98: =R98/$B98 -> 0 | U98: =T98/$B98 -> 0 | W98: =V98/$B98 -> 0 | X98: 2694.57 | Y98: =X98/$B98 -> 0.538914 | Z98: 6276.78 | AA98: =Z98/$B98 -> 1.255356 | AB98: =D98+F98+H98+J98+L98+N98+P98+R98+T98+V98+X98+Z98 -> 8971.35 | AC98: =AB98/$B98 -> 1.79427 | AD98: 5000
A99: Eventos Diversos | B99: 5000 | C99: =B99/12 -> 416.66667 | E99: =D99/$B99 -> 0 | G99: =F99/$B99 -> 0 | I99: =H99/$B99 -> 0 | K99: =J99/$B99 -> 0 | M99: =L99/$B99 -> 0 | O99: =N99/$B99 -> 0 | Q99: =P99/$B99 -> 0 | S99: =R99/$B99 -> 0 | T99: 900 | U99: =T99/$B99 -> 0.18 | W99: =V99/$B99 -> 0 | Y99: =X99/$B99 -> 0 | AA99: =Z99/$B99 -> 0 | AB99: =D99+F99+H99+J99+L99+N99+P99+R99+T99+V99+X99+Z99 -> 900 | AC99: =AB99/$B99 -> 0.18 | AD99: 2000
A100: Flash Back | B100: 40000 | C100: =B100/12 -> 3333.3333 | E100: =D100/$B100 -> 0 | G100: =F100/$B100 -> 0 | H100: 13175.1 | I100: =H100/$B100 -> 0.3293775 | J100: 3741.73 | K100: =J100/$B100 -> 0.09354325 | M100: =L100/$B100 -> 0 | O100: =N100/$B100 -> 0 | Q100: =P100/$B100 -> 0 | S100: =R100/$B100 -> 0 | U100: =T100/$B100 -> 0 | W100: =V100/$B100 -> 0 | Y100: =X100/$B100 -> 0 | AA100: =Z100/$B100 -> 0 | AB100: =D100+F100+H100+J100+L100+N100+P100+R100+T100+V100+X100+Z100 -> 16916.83 | AC100: =AB100/$B100 -> 0.42292075 | AD100: 18000
A101: Outras Desp. Sociais | B101: 96846.118 | C101: =B101/12 -> 8070.5098 | D101: =SUM(D102:D106) -> 8266.07 | E101: =D101/$B101 -> 0.085352621 | F101: =SUM(F102:F106) -> 8321.19 | G101: =F101/$B101 -> 0.085921772 | H101: =SUM(H102:H106) -> 9025.55 | I101: =H101/$B101 -> 0.093194753 | J101: =SUM(J102:J106) -> 8376.54 | K101: =J101/$B101 -> 0.086493297 | L101: =SUM(L102:L106) -> 11256.54 | M101: =L101/$B101 -> 0.1162312 | N101: =SUM(N102:N106) -> 9020.63 | O101: =N101/$B101 -> 0.093143951 | P101: =SUM(P102:P106) -> 8256.54 | Q101: =P101/$B101 -> 0.085254218 | R101: =SUM(R102:R106) -> 9140.14 | S101: =R101/$B101 -> 0.09437797 | T101: =SUM(T102:T106) -> 8973.84 | U101: =T101/$B101 -> 0.092660813 | V101: =SUM(V102:V106) -> 8376.54 | W101: =V101/$B101 -> 0.086493297 | X101: =SUM(X102:X106) -> 8256.54 | Y101: =X101/$B101 -> 0.085254218 | Z101: =SUM(Z102:Z106) -> 8931.64 | AA101: =Z101/$B101 -> 0.09222507 | AB101: =SUM(AB102:AB106) -> 106201.76 | AC101: =AB101/$B101 -> 1.0966032 | AD101: =SUM(AD102:AD106) -> 147974.45
A102: SINDICLUBE | B102: 7765.9575 | C102: =B102/12 -> 647.16313 | D102: 810.07 | E102: =D102/$B102 -> 0.10431038 | F102: 745.19 | G102: =F102/$B102 -> 0.095955972 | H102: 769.01 | I102: =H102/$B102 -> 0.099023205 | K102: =J102/$B102 -> 0 | M102: =L102/$B102 -> 0 | N102: 644.09 | O102: =N102/$B102 -> 0.082937616 | Q102: =P102/$B102 -> 0 | R102: 763.6 | S102: =R102/$B102 -> 0.098326575 | T102: 717.3 | U102: =T102/$B102 -> 0.092364657 | V102: 0 | W102: =V102/$B102 -> 0 | Y102: =X102/$B102 -> 0 | Z102: 555.1 | AA102: =Z102/$B102 -> 0.07147863 | AB102: =D102+F102+H102+J102+L102+N102+P102+R102+T102+V102+X102+Z102 -> 5004.36 | AC102: =AB102/$B102 -> 0.64439704 | AD102: =((AB102/9)*$AE$3)*12 -> 6972.7416
A103: FEVESP | B103: 12720 | C103: =B103/12 -> 1060 | D103: 1000 | E103: =D103/$B103 -> 0.078616352 | F103: 1000 | G103: =F103/$B103 -> 0.078616352 | H103: 1000 | I103: =H103/$B103 -> 0.078616352 | J103: 1000 | K103: =J103/$B103 -> 0.078616352 | L103: 1000 | M103: =L103/$B103 -> 0.078616352 | N103: 1000 | O103: =N103/$B103 -> 0.078616352 | P103: 1000 | Q103: =P103/$B103 -> 0.078616352 | R103: 1000 | S103: =R103/$B103 -> 0.078616352 | T103: 1000 | U103: =T103/$B103 -> 0.078616352 | V103: 1000 | W103: =V103/$B103 -> 0.078616352 | X103: 1000 | Y103: =X103/$B103 -> 0.078616352 | Z103: 1000 | AA103: =Z103/$B103 -> 0.078616352 | AB103: =D103+F103+H103+J103+L103+N103+P103+R103+T103+V103+X103+Z103 -> 12000 | AC103: =AB103/$B103 -> 0.94339623 | AD103: =((AB103/9)*$AE$3)*12 -> 16720
...

Sheet Mensalidades
A1: Categorias | B1: Quantidade | C1: Valor mensalidade | D1: Total 2024 | E1: 2025 | F1: TX Obras | G1: Total | I1: TX Transf | J1: Título | K1: Total Tx Transf | L1: Total Título | M1: 1.045
A3: Proprietário | B3: 207 | C3: 951.15 | D3: =(C3*12)*B3 -> 2362656.6 | E3: =D3*$M$1 -> 2468976.1 | G3: =(F3*B3)*12 -> 0
A4: Proprietário individual | B4: 3 | C4: 824.55 | D4: =(C4*12)*B4 -> 29683.8 | E4: =D4*$M$1 -> 31019.571 | G4: =(F4*B4)*12 -> 0
A5: Ausente | B5: 14 | C5: 475.58 | D5: =(C5*12)*B5 -> 79897.44 | E5: =D5*$M$1 -> 83492.825 | G5: =(F5*B5)*12 -> 0
A6: Proprietário - desconto 30% | B6: 4 | C6: 665.8 | D6: =(C6*12)*B6 -> 31958.4 | E6: =D6*$M$1 -> 33396.528 | G6: =(F6*B6)*12 -> 0
A7: Proprietário - desconto 50% | B7: 2 | C7: 475.58 | D7: =(C7*12)*B7 -> 11413.92 | E7: =D7*$M$1 -> 11927.546 | G7: =(F7*B7)*12 -> 0
A8: Proprietário - desconto 90% | B8: 4 | C8: 95.12 | D8: =(C8*12)*B8 -> 4565.76 | E8: =D8*$M$1 -> 4771.2192 | G8: =(F8*B8)*12 -> 0
A9: Veterano pagante | B9: 2 | C9: 95.12 | D9: =(C9*12)*B9 -> 2282.88 | E9: =D9*$M$1 -> 2385.6096 | G9: =(F9*B9)*12 -> 0
A10: Veterano | B10: 59 | D10: =(C10*12)*B10 -> 0 | E10: =D10*$M$1 -> 0
A11: Honorário e honorário com título | B11: 8 | D11: =(C11*12)*B11 -> 0 | E11: =D11*$M$1 -> 0
B12: =SUM(B3:B11) -> 303 | C12: TOTAL | D12: =SUM(D3:D11) -> 2522458.8 | E12: =SUM(E3:E11) -> 2635969.4
I13: =2354880*88.5 -> 208406880
A14: Esportista | B14: 20 | C14: 475.58 | D14: =(C14*12)*B14 -> 114139.2 | E14: =D14*$M$1 -> 119275.46 | G14: =(F14*B14)*12 -> 0 | I14: =I13/100 -> 2084068.8
G15: =SUM(G3:G14) -> 0
A16: TOTAL | B16: 323 | D16: =D12+D14 -> 2636598 | E16: =E12+E14 -> 2755244.9
A20: Novos sócios | B20: 3 | C20: =C3*M1 -> 993.95175 | D20: =(C20*12)*B20 -> 35782.263 | E20: =D20/2 -> 17891.131
A22: No orçamento considerei a entrada de 7 novos sócios (taxa de transferência e título) e de em média 3 novos sócios em parte do ano (considerando que também tem saída de sócios)
A34: Eportista | B34: 14 | C34: 301.06 | D34: =(C34*12)*B34 -> 50578.08

Sheet Sócios
A1: ID Categoria | B1: Categoria | C1: Nome | D1: Matrícula | E1: Valor
A2: 6 | B2: SÓCIO AUSENTE | C2: CAIO SOARES HUNGRIA E PRADO | D2: 59 | E2: 475.58 | F2: =1 -> 1
A3: 6 | B3: SÓCIO AUSENTE | C3: JOHN MECKIEN | D3: 74 | E3: 475.58 | F3: =F2+1 -> 2
A4: 6 | B4: SÓCIO AUSENTE | C4: JOEL BARBUJIANI SÍGOLO | D4: 98 | E4: 475.58 | F4: =F3+1 -> 3
A5: 6 | B5: SÓCIO AUSENTE | C5: MARIO SCHEEL | D5: 109 | E5: 475.58 | F5: =F4+1 -> 4
A6: 6 | B6: SÓCIO AUSENTE | C6: WALTER ANDRE GONÇALVES DA SILVA | D6: 144 | E6: 475.58 | F6: =F5+1 -> 5
A7: 6 | B7: SÓCIO AUSENTE | C7: MÔNIKA DE SOUSA TAMBKE | D7: 221 | E7: 475.58 | F7: =F6+1 -> 6
A8: 6 | B8: SÓCIO AUSENTE | C8: RICARDO DA FONSECA MEIRELLES DAVIDS | D8: 243 | E8: 475.58 | F8: =F7+1 -> 7
A9: 6 | B9: SÓCIO AUSENTE | C9: FABRIZIO RICCI ROMANO | D9: 275 | E9: 475.58 | F9: =F8+1 -> 8
A10: 6 | B10: SÓCIO AUSENTE | C10: PETER PAUL RICHTER | D10: 330 | E10: 475.58 | F10: =F9+1 -> 9
A11: 6 | B11: SÓCIO AUSENTE | C11: VANESSA SALLES WILHELMSEN | D11: 472 | E11: 475.58 | F11: =F10+1 -> 10
A12: 6 | B12: SÓCIO AUSENTE | C12: GONZALO FERNANDEZ CASTRO | D12: 591 | E12: 475.58 | F12: =F11+1 -> 11
A13: 6 | B13: SÓCIO AUSENTE | C13: CRISTINA COMPARINI BASBAUM | D13: 631 | E13: 475.58 | F13: =F12+1 -> 12
A14: 6 | B14: SÓCIO AUSENTE | C14: ALEXANDER JOHANN KOKOLL | D14: 647 | E14: 475.58 | F14: =F13+1 -> 13
... A324: 5 | B324: SÓCIO VETERANO PAGANTE | C324: ERNESTO REIBEL | D324: 319 | E324: 95.12 | F324: =F323+1 -> 323
